 Dungeon Crawl Stone Soup version 0.31-a0-925-g0a390f2509 (webtiles) character file.

Game seed: 1823948174198396970

3800655 GigaChad the Formicid Barricade (level 27, 172/172 HPs) *EXPLORE*
             Began as a Formicid Fighter on Oct 17, 2023.
             Was an Initiate of Gozag.
             Escaped with the Orb
             ... and 7 runes on Oct 19, 2023!
             The game lasted 04:17:42 (123344 turns).

GigaChad the Formicid Barricade (FoFi)            Turns: 123344, Time: 04:17:42

Health: 172/172    AC: 41    Str: 35      XL:     27
Magic:  29/31      EV: 15    Int: 21      God:    Gozag
Gold:   58381      SH: 28    Dex: 14 (15) Spells: 22/62 levels left

rFire   . . .        a - +9 battleaxe (heavy)
rCold   + + +        z - +5 Storm Queen's Shield {shock, Fly rElec}
rNeg    + . .        H - +10 crystal plate armour of Focus {Int+3 Dex+3}
rPois   +            (helmet unavailable)
rElec   +            J - +2 cloak of the Riding Gods {rPois rN+ Slay+4}
rCorr   .            j - +2 pair of gloves {infuse}
SInv    +            u - +0 pair of boots "Buipt" {Slay+3 Stlth+}
Will    ++...        T - amulet "Plog" {Reflect Drain Int+6 Slay+2 SH+5}
Stlth   +            l - ring "Nimiuvoge" {rC+ Int+6 Dex+3 Stlth+}
HPRegen 0.48/turn    w - ring of Kawnoor {Contam +Blink rPois rC++ Str+6}
MPRegen 0.22/turn

%: reflection, infuse magic (1 MP)
@: flying, studying 3 skills
A: permanent stasis, dig shafts and tunnels, antennae 3, four strong arms,
clumsy 2, deformed body, deterioration 2, dopey 2, frail 3, low MP 3, screaming
2, inhibited regeneration, weak 2, no potion heal 1, subdued magic 2, inability
to drink after injury 2, inability to read after injury 1
0: Orb of Zot
}: 7/15 runes: serpentine, barnacled, silver, icy, demonic, magical, dark
a: Dig, Shaft Self, Renounce Religion, Potion Petition, Call Merchant, Bribe
Branch


You escaped.
You worshipped Gozag.
Gozag was exalted by your worship.
You visited 14 branches of the dungeon, and saw 60 of its levels.
You visited Pandemonium 1 time, and saw 14 of its levels.
You visited the Abyss 1 time.
You completed 1 ziggurat, and saw 27 of its levels.
You also visited: Ice Cave.

You collected 60166 gold pieces.
You spent 1148 gold pieces at shops.
You paid 637 gold pieces to Gozag.

Inventory:

Hand Weapons
 a - a +9 heavy battleaxe (weapon)
 i - a +3 heavy hand cannon {i}
 k - the +7 lajatang of Order {silver, rMut}
   (You found it on level 8 of the Dungeon)

   rMut:      It protects you from mutation.
 s - a +2 spectral demon blade
 y - a +9 eudemon blade of holy wrath
 A - the +3 battleaxe of the Lumpy Xenops {venom, Fly rElec rN+ Dex+3}
   (You found it on level 19 of a ziggurat)

   Dex+3:     It affects your dexterity (+3).
   rElec:     It insulates you from electricity.
   rN+:       It protects you from negative energy.
   Fly:       It grants you flight.
 F - the +6 executioner's axe of Dawn {drain, rN++ rCorr}
   (You found it on level 14 of a ziggurat)

   rN++:      It greatly protects you from negative energy.
   rCorr:     It protects you from acid and corrosion.
 L - the +10 quarterstaff "Modisuh" {heavy, rElec rF- Str+4 SInv}
   (You found it on level 13 of a ziggurat)

   Str+4:     It affects your strength (+4).
   rF-:       It makes you vulnerable to fire.
   rElec:     It insulates you from electricity.
   SInv:      It lets you see invisible.
 V - a +4 sacred scourge of holy wrath
Armour
 j - a +2 pair of gloves of infusion (worn)
 t - +5 shadow dragon scales
 u - the +0 pair of boots "Buipt" (worn) {Slay+3 Stlth+}
   (You found it on level 12 of a ziggurat)

   Slay+3:    It affects your accuracy & damage with ranged weapons and melee
   (+3).
   Stlth+:    It makes you more stealthy.
 z - the +5 Storm Queen's Shield (worn) {shock, Fly rElec}
   (You found it on level 2 of the Vaults)

   Shock:     When it blocks an attack, it may electrocute the attacker.
   This works even against foes who are a short distance away.
   rElec:     It insulates you from electricity.
   Fly:       It grants you flight.
 D - +12 gold dragon scales
 H - the +10 crystal plate armour of Focus (worn) {Int+3 Dex+3}
   (You acquired it on level 3 of the Snake Pit)

   Int+3:     It affects your intelligence (+3).
   Dex+3:     It affects your dexterity (+3).
 J - the +2 cloak of the Riding Gods (worn) {rPois rN+ Slay+4}
   (You found it on level 20 of a ziggurat)

   Slay+4:    It affects your accuracy & damage with ranged weapons and melee
   (+4).
   rPois:     It protects you from poison rN+: It protects you from negative
   energy.
 M - the +3 pair of gauntlets of War {Slay+5}
   (You found it on level 15 of a ziggurat)

   Slay+5:    It affects your accuracy & damage with ranged weapons and melee
   (+5).
 O - the +10 tower shield of Ignorance {rN+ Int-4}
   (You found it on level 3 of the Depths)

   Int-4:     It affects your intelligence (-4).
   rN+:       It protects you from negative energy.
 U - the +0 fire dragon scales of the Arcane {rF++ rC- Dex+4 Slay+2}
   (You found it on level 13 of a ziggurat)

   Dex+4:     It affects your dexterity (+4).
   Slay+2:    It affects your accuracy & damage with ranged weapons and melee
   (+2).
   rF++:      It greatly protects you from fire.
   rC-:       It makes you vulnerable to cold.
Jewellery
 g - the amulet of the Four Winds {rN+ Will+++ Clar}
   (You found it on level 27 of a ziggurat)

   [amulet of nothing]

   rN+:       It protects you from negative energy.
   Will+++:   It greatly increases your willpower.
   Clar:      It protects you from confusion, rage, mesmerisation and fear.
 l - the ring "Nimiuvoge" (left hand) {rC+ Int+6 Dex+3 Stlth+}
   (You found it on level 12 of a ziggurat)

   [ring of intelligence]

   Int+6:     It affects your intelligence (+6).
   Dex+3:     It affects your dexterity (+3).
   rC+:       It protects you from cold.
   Stlth+:    It makes you more stealthy.
 n - the ring of Reid {rElec rF+ rN+ Str+3 SInv}
   (You found it on level 13 of a ziggurat)

   [ring of positive energy]

   Str+3:     It affects your strength (+3).
   rF+:       It protects you from fire.
   rElec:     It insulates you from electricity.
   rN+:       It protects you from negative energy.
   SInv:      It lets you see invisible.
 w - the ring of Kawnoor (right hand) {Contam +Blink rPois rC++ Str+6}
   (You acquired it on level 1 of the Vaults)

   [ring of strength]

   Str+6:     It affects your strength (+6).
   rC++:      It greatly protects you from cold.
   rPois:     It protects you from poison +Blink: It lets you blink.
   Contam:    It causes magical contamination when unequipped.
 B - the ring of Rauphome {Fly Will+ Int+7 Dex-3}
   (You found it on level 24 of a ziggurat)

   [ring of flight]

   Int+7:     It affects your intelligence (+7).
   Dex-3:     It affects your dexterity (-3).
   Will+:     It increases your willpower.
   Fly:       It grants you flight.
 C - the ring of the King {Will+ Str+6 Slay+2}
   (You found it on level 15 of a ziggurat)

   [ring of strength]

   Str+6:     It affects your strength (+6).
   Slay+2:    It affects your accuracy & damage with ranged weapons and melee
   (+2).
   Will+:     It increases your willpower.
 I - the ring of Freedom {Fire rPois Int+4 Dex+3}
   (You took it off a vault sentinel on level 5 of the Vaults)

   [ring of fire]

   Fire:      It enhances your fire magic.
   Int+4:     It affects your intelligence (+4).
   Dex+3:     It affects your dexterity (+3).
   rF+:       It protects you from fire.
   rC-:       It makes you vulnerable to cold.
   rPois:     It protects you from poison
 N - the ring of Baxiumal {rPois rF+ rC+ rN++ Slay+2}
   (You found it on level 20 of a ziggurat)

   [ring of protection from fire]

   Slay+2:    It affects your accuracy & damage with ranged weapons and melee
   (+2).
   rF+:       It protects you from fire.
   rC+:       It protects you from cold.
   rPois:     It protects you from poison rN++: It greatly protects you from
   negative energy.
 T - the amulet "Plog" (around neck) {Reflect Drain Int+6 Slay+2 SH+5}
   (You bought it in a shop on level 3 of the Snake Pit)

   [amulet of reflection]

   Reflect:   It reflects blocked missile attacks.
   Int+6:     It affects your intelligence (+6).
   Slay+2:    It affects your accuracy & damage with ranged weapons and melee
   (+2).
   Drain:     It drains your maximum health when unequipped.
   SH+5:      It affects your SH (+5).
 X - the ring of Enyad {rN++ Dex+6}
   (You found it on level 15 of a ziggurat)

   [ring of dexterity]

   Dex+6:     It affects your dexterity (+6).
   rN++:      It greatly protects you from negative energy.
Talismans
 b - a dragon-blood talisman
 G - a storm talisman
 K - a flux talisman
 W - a talisman of death
 Y - a granite talisman
Wands
 Q - a wand of light (67)
 R - a wand of flame (236)
Scrolls
 f - 9 scrolls of revelation
 m - 9 scrolls of amnesia
 q - 8 scrolls of immolation
 r - 7 scrolls of fear
 v - 26 scrolls of fog
 Z - 13 scrolls of poison
Potions
 c - 19 potions of heal wounds
 d - 16 potions of might
 h - 6 potions of ambrosia
 o - 8 potions of cancellation
 p - 30 potions of curing
 x - 5 potions of mutation
 E - 8 potions of invisibility
 S - 3 potions of enlightenment
Miscellaneous
 e - a +1 figurine of a ziggurat
 P - the horn of Geryon


   Skills:
 + Level 26.8 Fighting
 * Level 9.2 Long Blades
 O Level 27 Axes
 * Level 8.9(22.6) Maces & Flails
 * Level 20.2(27) Polearms
 * Level 19.0(23.0) Staves
 * Level 22.6 Armour
 * Level 16.9 Dodging
 * Level 22.5 Stealth
 O Level 27 Shields
 * Level 18.4 Spellcasting
 * Level 15.4 Conjurations
 * Level 17.4 Hexes
 * Level 14.8 Fire Magic
 * Level 12.6 Air Magic
 * Level 12.6 Earth Magic
 * Level 16.8 Evocations
 - Level 12.7 Shapeshifting


You had 22 spell levels left.
You knew the following spells:

 Your Spells              Type           Power      Damage    Failure   Level
a - Fulminant Prism       Conj/Hex       26%        3d14      1%          4
b - Arcjolt               Conj/Air       24%        1d34      1%          5
c - Plasma Beam           Fire/Air       24%        2x1d36    5%          6
d - Lehudib's Crystal Sp  Conj/Erth      24%        10d7      96%         8
e - Fire Storm            Conj/Fire      25%        8d7       100%        9
f - Maxwell's Capacitive  Air            22%        ∞         99%         8

Your spell library contained the following spells:

 Spells                   Type           Power      Damage    Failure   Level
 Foxfire                  Conj/Fire      100%       2x1d9     0%          1
 Magic Dart               Conj           100%       1d8       0%          1
 Shock                    Conj/Air       100%       1d9       0%          1
 Slow                     Hex            100%       N/A       0%          1
 Jinxbite                 Hex            100%       N/A       0%          2
 Scorch                   Fire           100%       2d9       0%          2
 Confusing Touch          Hex            55%        N/A       0%          3
 Dazzling Flash           Conj/Hex       100%       N/A       0%          3
 Inner Flame              Hex/Fire       53%        N/A       0%          3
 Sigil of Binding         Hex            55%        N/A       0%          3
 Tukima's Dance           Hex            55%        N/A       0%          3
 Kiss of Death            Conj/Necr      100%       2d13      1%          1
 Sandblast                Erth           90%        2d19      1%          1
 Ensorcelled Hibernation  Hex/Ice        70%        N/A       1%          2
 Momentum Strike          Conj/Tloc      64%        3d9       1%          2
 Passwall                 Tmut/Erth      23%        N/A       1%          2
 Poisonous Vapours        Pois/Air       56%        N/A       1%          2
 Static Discharge         Conj/Air       96%        2-6/arc   1%          2
 Hailstorm                Conj/Ice       32%        3d8       1%          3
 Mephitic Cloud           Conj/Pois/Air  36%        N/A       1%          3
 Stone Arrow              Conj/Erth      96%        3d13      1%          3
 Summon Guardian Golem    Hex/Summ       35%        N/A       1%          3
 Volatile Blastmotes      Fire/Tloc      62%        2d15      1%          3
 Airstrike                Air            22%        2d(4-20)  1%          4
 Brom's Barrelling Bould  Conj/Erth      48%        2d7       1%          4
 Cause Fear               Hex            27%        N/A       1%          4
 Flame Wave               Conj/Fire      51%        2d13      1%          4
 Leda's Liquefaction      Hex/Erth       25%        N/A       1%          4
 Sticky Flame             Conj/Fire      51%        2d7       1%          4
 Fireball                 Conj/Fire      25%        3d11      1%          5
 Iskenderun's Battlesphe  Conj           51%        2d10      1%          5
 Lee's Rapid Deconstruct  Erth           22%        3d13*     1%          5
 Silence                  Hex/Air        25%        N/A       1%          5
 Cigotuvi's Dreadful Rot  Necr/Pois/Air  46%        N/A       2%          2
 Anguish                  Hex/Necr       17%        N/A       2%          4
 Dimensional Bullseye     Hex/Tloc       17%        N/A       2%          4
 Starburst                Conj/Fire      25%        6d8       2%          6
 Ignite Poison            Fire/Tmut/Pois 25%        N/A       3%          3
 Iskenderun's Mystic Bla  Conj/Tloc      32%        2d8       4%          4
 Bombard                  Conj/Erth      24%        9d5       4%          6
 Conjure Ball Lightning   Conj/Air       24%        3x3d7     4%          6
 Freezing Cloud           Conj/Ice/Air   18%        6-21      6%          5
 Enfeeble                 Hex            27%        N/A       7%          7
 Animate Armour           Summ/Erth      56%        N/A       8%          4
 Petrify                  Tmut/Erth      28%        N/A       8%          4
 Summon Lightning Spire   Summ/Air       28%        N/A       8%          4
 Metabolic Englaciation   Hex/Ice        17%        N/A       8%          5
 Summon Mana Viper        Hex/Summ       35%        N/A       8%          5
 Yara's Violent Unravell  Hex/Tmut       17%        3d8       8%          5
 Apportation              Tloc           24%        N/A       11%         1
 Freeze                   Ice            48%        1d6       11%         1
 Necrotise                Necr           48%        1d6       11%         1
 Sting                    Tmut/Pois      48%        1d5       11%         1
 Summon Small Mammal      Summ           48%        N/A       11%         1
 Irradiate                Conj/Tmut      16%        3d17      13%         5
 Call Imp                 Summ           24%        N/A       17%         2
 Lesser Beckoning         Tloc           24%        N/A       17%         2
 Sublimation of Blood     Necr           12%        N/A       17%         2
 Wereblood                Tmut           12%        N/A       17%         2
 Orb of Destruction       Conj           25%        9d9       17%         7
 Borgnjor's Vile Clutch   Necr/Erth      14%        N/A       24%         5
 Call Canine Familiar     Summ           12%        N/A       34%         3
 Frozen Ramparts          Ice            24%        1d4       34%         3
 Gell's Gravitas          Tloc           12%        N/A       34%         3
 Ozocubu's Armour         Ice            12%        N/A       34%         3
 Teleport Other           Tloc           12%        N/A       34%         3
 Vampiric Draining        Necr           12%        2d6       34%         3
 Discord                  Hex            27%        N/A       54%         8
 Dispel Undead            Necr           12%        3d9       78%         4
 Manifold Assault         Tloc           12%        N/A       78%         4
 Passage of Golubria      Tloc           12%        N/A       78%         4
 Summon Ice Beast         Ice/Summ       12%        N/A       78%         4
 Ignition                 Fire           25%        3d8       90%         8
 Agony                    Necr           12%        N/A       98%         5
 Alistair's Intoxication  Tmut/Pois      8%         N/A       98%         5
 Summon Forest            Summ/Tloc      6%         N/A       98%         5
 Spellforged Servitor     Conj/Summ      16%        N/A       99%         7
 Death Channel            Necr           6%         N/A       100%        6
 Dispersal                Tloc           6%         N/A       100%        6
 Eringya's Noxious Bog    Tmut/Pois      6%         4d6       100%        6
 Summon Cactus Giant      Summ           6%         N/A       100%        6
 Haunt                    Necr/Summ      6%         N/A       100%        7
 Malign Gateway           Summ/Tloc      6%         N/A       100%        7
 Monstrous Menagerie      Summ           6%         N/A       100%        7
 Ozocubu's Refrigeration  Ice            6%         4d8       100%        7
 Summon Hydra             Summ           6%         N/A       100%        7
 Borgnjor's Revivificati  Necr           6%         N/A       100%        8
 Disjunction              Tloc           6%         N/A       100%        8
 Infestation              Necr           6%         N/A       100%        8
 Summon Horrible Things   Summ           6%         N/A       100%        8
 Polar Vortex             Ice            6%         N/A       100%        9
 Swiftness                Air            Unusable   N/A       N/A         3
 Vhi's Electric Charge    Tloc/Air       Unusable   N/A       N/A         4
 Blink                    Tloc           Unusable   N/A       N/A         2
 Animate Dead             Necr           Unusable   N/A       N/A         4
 Simulacrum               Ice/Necr       Unusable   N/A       N/A         6

Dungeon Overview and Level Annotations

Branches:
Dungeon (15/15)            Temple (1/1) D:6            Lair (5/5) D:11
 Shoals (4/4) Lair:2        Snake (4/4) Lair:2        Slime (0/5) Lair:4
    Orc (2/2) D:9             Elf (3/3) Orc:2        Vaults (5/5) D:13
  Crypt (3/3) Vaults:2       Tomb (0/3) Crypt:3      Depths (4/4) D:15
   Hell (visited)             Dis (1/7) Hell            Geh (0/7) Hell
    Coc (7/7) Hell            Tar (0/7) Hell            Zot (5/5) Depths:4
  IceCv (visited)

Altars:
Ashenzari
Cheibriados
Dithmenos
Elyvilon
Fedhas
Gozag
Hepliaklqana
Kikubaaqudgha
Makhleb
Nemelex Xobeh
Okawaru
Qazlal
Ru
Sif Muna
Trog
Uskayaw
Vehumet
Wu Jian
Xom
Yredelemnul
Zin
The Shining One
Jiyva
Lugonu

Shops:
D:1 :   D:3 **   D:5 *   D:9 *   Orc:2 [(*=!   Snake:3 =:=   Vaults:1 !(
Vaults:5 ?   Depths:3 (   Depths:4 (

Portals:
Hell: Depths:1 Depths:2 Depths:3 Depths:4
Abyss: Lair:5 Depths:3
Pandemonium: Depths:2 Depths:3

Annotations:
Snake:1 2 runed translucent doors, Thrassey's ghost, adept KoHu
Zot:1 2 transporters, exclusion: obsidian statue


Innate Abilities, Weirdness & Mutations

You cannot be hasted, slowed, berserked, paralysed or teleported.
You can dig through walls and to a lower floor.
You have a pair of large antennae on your head. (SInv)
Your four strong arms can wield two-handed weapons with a shield.
You are very clumsy. (Dex -4)
Armour fits poorly on your strangely shaped body.
Your body often deteriorates upon taking damage.
You are very dopey. (Int -4)
You are extremely frail. (-30% HP)
Your magical capacity is extremely low. (-30% MP)
You frequently scream uncontrollably at your foes.
You do not regenerate when monsters are visible.
You are very weak. (Str -4)
Potions are less effective at restoring your health.
Your spells are easier to cast, but less powerful.
You sometimes lose the ability to drink potions when taking damage.
You occasionally lose the ability to read scrolls when taking damage.


Message History

You see here 6 gold pieces.
Unknown command.
You barely miss the hell hound.
The hell hound is no longer distracted by gold.
The hell hound barks!
You block the hell hound's attack.
Your shield discharges, shocking the hell hound!
Unknown command.
You slice the hell hound!!
You kill the hell hound!
Unknown command.
You barely miss the hell hound. The hell hound breathes flames at you.
The blast of flame hits the hell hound.
The hell hound completely resists.
The blast of flame hits you!
* * * LOW HITPOINT WARNING * * *
You block the hell hound's attack. x2
Unknown command.
You slice the hell hound like a ripe choko!!!
You kill the hell hound!
Unknown command.
You closely miss the hell hound. You block the hell hound's attack.
Your shield discharges, shocking the hell hound!
The hell hound is distracted by your dazzling golden aura.
Unknown command.
You closely miss the hell hound.
The hell hound is no longer distracted by gold.
The hell hound barks!
The hell hound is almost dead.
The hell hound breathes flames at you. The blast of flame hits you!
Thought so.
You chop the hell hound into pieces!!!
You kill the hell hound!
You now have 58375 gold pieces (gained 14).
You now have 58381 gold pieces (gained 6).
There is a staircase leading out of the dungeon here.
There is a staircase leading out of the dungeon here.
You can't go down here!
You have escaped!

.....###..#.##.##.##.....# #.##
#...#.#.#.#.#..##.##.....# #.##
#...##.##......##.######## #.#
###########.......# #.#
####...######....## ######.#
.##.###.##..########## #...##.#
####.###.#.#.##..#...####.#.##.#
(.##.##..#.##....#.#.##...#....#
#....#.#..#####.@#.#.##.#####..#
####.#.##.###....#........#....#
..).###.##...##..###.##...#...##
####################.###.....##
.#..##.).>...........# ##...##
##......###.########## ##.##
##..##### #.# ### ....### ##.#
†.....# #..#


There were no monsters in sight!

Vanquished Creatures
  Antaeus (Coc:7)
  Gloorx Vloq (Pan)
  2 seraphim
  Lom Lobon (Pan)
  the Serpent of Hell (Coc:7)
  3 dread liches
  7 orbs of fire
  6 ancient liches
  A juggernaut (Depths:2)
  The ghost of Zeaxzic Paph the Slayer, a veteran OgBe of Trog (Zot:4)
  Sojobo (Vaults:3)
  Parghit (Depths:3)
  Josephina (Crypt:1)
  20 shard shrikes
  27 royal mummies
  6 Killer Klowns
  Margery (Vaults:3)
  6 caustic shrikes
  Xtahua (Depths:3)
  Vashnia (Snake:2)
  27 pandemonium lords
  2 curse toes
  Geryon (Hell)
  Jory (Depths:3)
  13 golden dragons
  2 pearl dragons (Pan)
  A profane servitor (D:7)
  4 bone dragons
  2 electric golems
  10 Brimstone Fiends
  18 Tzitzimimeh
  17 tentacled monstrosities
  33 Ice Fiends
  9 Hell Sentinels
  2 walking crystal tomes
  35 Orb Guardians
  A tainted leviathan (Hell)
  The ghost of GloriousHammer the Convoker, an adept DgFE (Vaults:3)
  24 titans
  8 liches
  A quicksilver dragon (shapeshifter) (Vaults:5)
  10 quicksilver dragons
  20 sphinxes
  Asterion (Vaults:3)
  2 walking divine tomes (Depths:3)
  4 deep elf master archers
  6 death cobs
  5 deep elf blademasters
  Polyphemus (Shoals:4)
  2 krakens
  A tentacled starspawn (Abyss:3)
  3 acid blobs (Zig:11)
  41 Executioners
  19 ancient champions
  7 draconian monks
  5 tengu reavers
  Aizul (Snake:2)
  10 shadow dragons
  34 nagarajas
  Ilsuiw (Shoals:3)
  11 storm dragons
  22 demonspawn warmongers
  5 revenants
  29 daevas
  3 rockslimes (Zig:11)
  2 azure jellies
  A frost giant (shapeshifter) (Zig:23)
  18 narguns
  Donald (Vaults:1)
  Kirke (Shoals:3)
  9 emperor scorpions
  Roxanne (Shoals:3)
  3 draconian knights
  10 frost giants
  9 fire giants
  4 iron dragons
  2 fenstrider witches
  10 deep elf sorcerers
  4 draconian scorchers
  13 ghost moths
  2 juggernaut zombies
  2 caustic shrike zombies
  27 vault wardens
  4 draconian shifters
  4 curse skulls
  6 ghouls
  38 angels
  19 balrugs
  6 draconian stormcallers
  18 cacodemons
  A deep elf elementalist (Elf:3)
  23 orc warlords
  25 ironbound preservers
  7 shard shrike simulacra
  A juggernaut skeleton (Zig:27)
  26 reapers
  2 spriggan defenders
  The ghost of GigaChad the Severer, a journeyman FoFi of Gozag (Snake:2)
  A quicksilver ooze (Zig:11)
  11 very ugly things
  2 broodmothers (Zig:24)
  2 caustic shrike skeletons
  14 demonspawn corrupters
  7 war gargoyles
  5 ironbound thunderhulks
  27 stone giants
  3 draconian annihilators
  42 apis (Pan)
  18 demonspawn blood saints
  3 formless jellyfish
  35 elemental wellsprings
  22 ophanim (Pan)
  4 putrid mouths (Hell)
  12 green draconians
  An eleionoma (Zig:19)
  9 deep elf annihilators
  A minotaur (shapeshifter) (Zig:23)
  6 vampire knights
  12 deep elf demonologists
  20 demonspawn black suns
  A bunyip (Zig:19)
  17 lorocyprocas
  16 dire elephants
  6 bennus
  5 purple draconians
  A dire elephant (shapeshifter) (Depths:2)
  10 black draconians
  10 white draconians
  14 yellow draconians
  6 spark wasps
  25 ettins
  A minotaur (Shoals:4)
  14 wendigos
  2 crystal guardians
  7 red draconians
  An ettin (shapeshifter) (Zig:17)
  8 merfolk javelineers
  8 eidola
  A fire dragon (shapeshifter) (Zig:21)
  11 deep elf death magi
  An elf zombie (Crypt:3)
  3 iron golems
  21 green deaths
  12 merfolk impalers
  6 fire dragons
  A kraken zombie (Hell)
  3 entropy weavers (shapeshifter)
  24 mummy priests
  21 blizzard demons
  10 deep elf high priests
  11 great orbs of eyes
  18 jiangshi
  17 entropy weavers
  24 yaktaur captains
  16 hydras
  13 ice dragons
  A shambling mangrove (Zig:6)
  7 hell beasts
  5 spriggan zombies
  2 peacekeepers
  10 rakshasas
  3 spriggan air magi
  2 quicksilver dragon skeletons
  11 ironbound frosthearts
  A hydra (shapeshifter) (Vaults:5)
  6 ogre magi
  18 salamander tyrants
  2 catoblepae
  4 juggernaut simulacra
  38 vault guards
  10 caustic shrike simulacra
  16 centaur warriors
  4 death knights
  4 spriggan skeletons
  A fenstrider witch skeleton (Crypt:3)
  A ghost crab (Zig:9)
  3 sphinx zombies
  A radroach (shapeshifter) (Zig:23)
  6 boulder beetles
  A jorogumo (Zig:15)
  Erica (D:10)
  3 radroaches
  19 anacondas
  42 dancing weapons
  8 alligator snapping turtles
  5 merfolk aquamancers
  7 satyrs
  19 naga warriors
  2 merfolk avatars
  10 two-headed ogres
  2 deep troll shamans (Depths:1)
  An Orb Guardian skeleton (Crypt:3)
  3 sphinx skeletons
  44 demonic crawlers
  11 deep troll earth magi
  16 death yaks
  13 death scarabs
  7 vampire magi
  7 tengu warriors
  14 shock serpents
  A titan zombie (Zig:26)
  22 orc high priests
  4 spriggan berserkers
  20 naga sharpshooters
  3 thrashing horrors (Lair:5)
  24 deep elf knights
  A storm dragon zombie (Zig:27)
  A wretched star (Abyss:3)
  A shock serpent (shapeshifter) (Zig:23)
  7 skysharks
  87 sun demons
  3 crystal echidnas
  8 hell knights
  21 sixfirhies
  9 skeletal warriors
  18 shadow wraiths
  2 titan skeletons
  5 pharaoh ants
  Amaemon (Lair:3)
  A bunyip zombie (Crypt:3)
  12 iron trolls
  13 salamander mystics
  8 arcanists
  69 soul eaters
  29 cherubim (Pan)
  A deep troll (shapeshifter) (Zig:23)
  3 sun moths
  A swamp dragon (shapeshifter) (Lair:5)
  8 quicksilver dragon simulacra
  3 spectral anacondas (Snake:2)
  A fire crab (Lair:4)
  3 anaconda zombies (Snake:2)
  68 deep trolls
  6 orb spiders
  7 glowing orange brains
  13 sea snakes
  A storm dragon skeleton (Zig:27)
  10 naga ritualists
  26 shadow demons
  A golden dragon skeleton (Zig:26)
  4 flayed ghosts
  2 bunyip skeletons
  A sea snake (shapeshifter) (Zig:23)
  5 occultists
  3 golden dragon zombies
  4 obsidian statues
  2 shadow dragon zombies
  30 orc knights
  4 lindwurms
  Pikel (D:4)
  50 harpies
  14 ironbound convokers
  2 alligator zombies (Hell)
  13 necromancers
  17 phantasmal warriors
  9 deep elf archers
  6 anaconda skeletons
  3 orange crystal statues
  6 steelbarb worms
  2 spriggan simulacra (Coc:7)
  28 deep elf zephyrmancers
  14 wolf spiders
  A stone giant zombie (Vaults:1)
  17 orc sorcerers
  A faun (shapeshifter) (Zig:17)
  14 ugly things
  2 will-o-the-wisps
  32 deep elf pyromancers
  35 manticores
  8 mana vipers
  2 shadow dragon skeletons
  17 fauns
  2 oklob plants (Lair:3)
  7 merfolk sirens
  11 cyclopes
  51 black mambas
  An elephant (shapeshifter) (Depths:3)
  A toenail golem (Pan)
  20 salamanders
  2 frost giant skeletons
  25 moths of wrath
  A water nymph (shapeshifter) (Zig:17)
  An eleionoma skeleton (Crypt:2)
  4 apocalypse crabs
  10 guardian serpents
  63 smoke demons
  5 rust devils
  29 naga magi
  34 orange demons
  7 ice statues
  18 elephants
  13 torpor snails
  A dire elephant zombie (Crypt:3)
  11 water nymphs
  3 molten gargoyles (Hell)
  2 titan simulacra
  2 eyes of devastation
  27 vault sentinels
  5 centaur zombies
  9 cane toads
  2 centaur skeletons
  A cane toad (shapeshifter) (Vaults:1)
  4 naga skeletons
  A dire elephant skeleton (Crypt:3)
  12 rime drakes
  2 unseen horrors (Depths:3)
  An unseen horror (shapeshifter) (Elf:3)
  A pale draconian zombie (Crypt:2)
  Psyche (D:10)
  33 hellions
  17 freezing wraiths
  20 tormentors
  3 efreet
  A bunyip simulacrum (Coc:1)
  30 yaktaurs
  An alligator snapping turtle skeleton (Crypt:3)
  6 anaconda simulacra
  4 tengu conjurers
  8 komodo dragons
  44 guardian mummies
  7 ice devils
  A catoblepas skeleton (Crypt:3)
  An iron giant simulacrum (Coc:7)
  3 minotaur zombies (Crypt:3)
  10 red devils
  A golden dragon simulacrum (Coc:7)
  5 human skeletons
  A black draconian skeleton (Crypt:3)
  2 sea snake skeletons (Hell)
  3 meliai
  A harpy zombie (Crypt:3)
  53 merfolk
  13 trolls
  A yellow draconian skeleton (Crypt:2)
  A merfolk (shapeshifter) (Vaults:5)
  2 tyrant leeches (shapeshifter)
  A bloated husk (Zig:19)
  A wind drake (shapeshifter) (Vaults:5)
  33 hellwings
  2 tengu simulacra
  A mana viper skeleton (Crypt:3)
  A fire dragon zombie (Hell)
  A tyrant leech (Zig:19)
  9 hornets
  A harpy skeleton (Crypt:3)
  3 wind drakes
  7 polar bears
  5 tarantellas
  4 raiju
  A dream sheep (shapeshifter) (Zig:17)
  39 blink frogs
  Prince Ribbit (D:6)
  10 dream sheep
  3 stone giant simulacra
  A jumping spider (shapeshifter) (Vaults:1)
  An ice dragon zombie (Hell)
  9 snapping turtles
  31 slime creatures
  6 jumping spiders
  An ettin zombie (Vaults:1)
  11 flying skulls
  4 iron dragon simulacra
  7 culicivoras
  A black mamba zombie (Crypt:3)
  2 air elementals
  A centaur simulacrum (Hell)
  9 wraiths
  5 spriggans
  A spriggan (shapeshifter) (Elf:2)
  16 ushabtiu
  Sigmund (D:6)
  47 yaks
  A fire dragon skeleton (Pan)
  4 hogs (Shoals:3)
  3 shadows (D:11)
  6 vampires
  4 wyverns
  14 water elementals
  31 ynoxinuls
  5 basilisks
  46 chaos spawn
  2 naga simulacra (Crypt:1)
  3 alligator snapping turtle simulacra
  3 dire elephant simulacra
  14 starcursed masses
  4 fire elementals
  2 redbacks (shapeshifter)
  12 golden eyes
  A vampire mosquito (D:13)
  9 redbacks
  20 neqoxecs
  15 harpy simulacra
  An ogre zombie (Vaults:1)
  17 wargs
  53 nagas
  18 hell hounds
  A water nymph zombie (Crypt:2)
  A demonspawn skeleton (Crypt:1)
  A glowing shapeshifter skeleton (Zig:27)
  2 glowing shapeshifter zombies
  2 hydra simulacra
  An acid dragon (D:13)
  3 floating eyes
  76 large abominations
  31 water moccasins
  A floating eye (shapeshifter) (Zig:21)
  18 small abominations
  89 orc warriors
  A black bear (shapeshifter) (Elf:1)
  4 ettin simulacra
  A meliai simulacrum (D:15)
  3 ice beasts
  A manticore zombie (Crypt:1)
  3 sky beasts
  A wolf (shapeshifter) (Zig:23)
  41 ogres
  4 black bears
  22 wolves
  11 centaurs
  3 lemures (D:4)
  A vine stalker zombie (Crypt:2)
  4 kobold brigands
  A rime drake skeleton (Crypt:3)
  Blork the orc (D:5)
  3 gnoll sergeants
  10 bullfrogs
  3 scorpions
  8 earth elementals
  A scorpion (shapeshifter) (D:14)
  3 necrophages
  4 wights (D:8)
  16 killer bees
  3 howler monkeys
  A shapeshifter skeleton (Crypt:3)
  2 vampire bats (Lair:5)
  A wolf zombie (Crypt:1)
  2 human simulacra
  2 quasits (Abyss:3)
  36 orc priests
  5 hounds
  A gnoll bouda (D:8)
  2 jellies
  Jessica (D:3)
  5 sleepcaps
  2 iguanas (D:4)
  21 orc wizards
  5 hell rats (Hell)
  An ogre skeleton (Crypt:3)
  Robin (D:3)
  68 mummies
  6 adders
  20 gnolls
  A swamp drake skeleton (Crypt:2)
  2 shadow imps
  16 white imps
  An ufetubus (Vaults:1)
  An adder skeleton (Crypt:2)
  4 worms
  3 dart slugs
  78 orcs
  9 endoplasms
  7 giant cockroaches
  11 goblins
  12 hobgoblins
  2 quokkas (D:3)
  10 ball pythons
  14 bats
  2 frilled lizards
  A goblin skeleton (Crypt:1)
  21 kobolds
  2 quokka skeletons (Crypt:1)
  4 rats
  16 ball lightnings
  2 spectral weapons
  2 starspawn tentacles
  9 tentacles
4746 creatures vanquished.

Vanquished Creatures (others)
  An ancient lich (Zig:21)
  6 pandemonium lords (Zig:23)
  4 Killer Klowns (Zig:23)
  A quicksilver dragon (Zig:25)
  An Executioner (Pan)
  A tengu reaver (Vaults:3)
  A fenstrider witch (Zig:6)
  An azure jelly (Coc:6)
  3 very ugly things (Zig:23)
  A draconian annihilator (Pan)
  2 elemental wellsprings
  A deep elf death mage (Zig:9)
  A merfolk javelineer (Zig:16)
  An entropy weaver (Zig:24)
  A deep elf high priest (Zig:10)
  2 rakshasas (Pan)
  A vault guard (Vaults:1)
  A caustic shrike simulacrum (Coc:4)
  A juggernaut simulacrum (Coc:4)
  2 merfolk aquamancers
  A demonic crawler (Zig:15)
  A soul eater (Pan)
  A deep elf knight (Elf:3)
  A shadow wraith (Zig:21)
  2 salamander mystics
  A sea snake (Zig:19)
  A glowing orange brain (Pan)
  A spriggan simulacrum (Coc:3)
  A naga ritualist (Snake:4)
  A spriggan druid (Zig:19)
  An occultist (Pan)
  An ugly thing (Zig:23)
  2 merfolk sirens
  A black mamba (Zig:25)
  A rust devil (Pan)
  2 titan simulacra
  A smoke demon (Pan)
  A sea snake skeleton (Hell)
  An iron giant simulacrum (Coc:7)
  A hydra zombie (Hell)
  A bloated husk (Zig:6)
  A hellwing (Pan)
  A merfolk (Zig:16)
  A wind drake (shapeshifter) (Zig:23)
  A slime creature (Vaults:2)
  A shadow (D:13)
  2 alligator snapping turtle simulacra
  5 golden eyes
  A vampire mosquito (Zig:19)
  A naga (Snake:1)
  3 ettin simulacra
  A merfolk simulacrum (Coc:1)
  A naga simulacrum (Coc:7)
  77 ball lightnings
  6 foxfires
  4 starspawn tentacles
  11 tentacles
174 creatures vanquished.

Grand Total: 4920 creatures vanquished

Notes
Turn   | Place    | Note
-------+----------+-------------------------------------------
     0 | D:1      | GigaChad the Formicid Fighter began the quest for the Orb.
     0 | D:1      | Reached XP level 1. HP: 18/18 MP: 1/1
   186 | D:1      | Reached XP level 2. HP: 23/24 MP: 2/2
   271 | D:1      | Found Atsaox's Book Emporium.
   326 | D:1      | Entered explore mode.
   385 | D:1      | Reached XP level 3. HP: 29/29 MP: 3/3
   696 | D:1      | Found a faded altar of an unknown god.
   970 | D:2      | Reached XP level 4. HP: 37/37 MP: 4/4
  1816 | D:3      | Found Mycwet's Assorted Antiques.
  1993 | D:3      | Found Asykut's General Store.
  2004 | D:3      | Reached skill level 1 in Stealth
  2007 | D:3      | Reached XP level 5. HP: 42/42 MP: 5/5
  2007 | D:3      | Noticed Robin
  2028 | D:3      | Killed Robin
  2175 | D:3      | Noticed Jessica
  2189 | D:3      | Killed by nerve-wracking pain
                  | ... invoked by Jessica
                  | (14 damage)
  2199 | D:3      | Killed Jessica
  2200 | D:3      | Reached skill level 1 in Dodging
  2718 | D:4      | Reached XP level 6. HP: 47/48 MP: 6/6
  2718 | D:4      | Upgraded the game from 0.31-a0-889-g1a8549509d to
                  | 0.31-a0-920-g28cbb04a8c
  3067 | D:4      | Noticed an ogre
  3074 | D:4      | Demolished by an ogre
                  | ... wielding a +0 giant club
                  | (30 damage)
  3076 | D:4      | Killed an ogre
  3077 | D:4      | Reached skill level 5 in Shields
  3077 | D:4      | Reached XP level 7. HP: 37/55 MP: 7/7
  3226 | D:4      | Noticed Pikel
  3238 | D:4      | Slain by a lemure (6 damage)
                  | ... led by Pikel
  3244 | D:4      | Killed Pikel
  3245 | D:4      | Reached skill level 5 in Axes
  3245 | D:4      | Reached skill level 5 in Armour
  3245 | D:4      | Reached XP level 8. HP: 26/61 MP: 8/8
  3642 | D:5      | Entered Level 5 of the Dungeon
  3699 | D:5      | Noticed Blork the orc
  3718 | D:5      | HP: 2/61 [Blork the orc/puff of frost (5)]
  3719 | D:5      | Killed Blork the orc
  3926 | D:5      | Identified the +4 robe of Magic {Fly rElec Str+4}
  3945 | D:5      | Reached skill level 5 in Fighting
  4365 | D:5      | Found Elapauk's General Store.
  4401 | D:5      | Reached XP level 9. HP: 38/68 MP: 9/9
  4404 | D:5      | HP: 2/68 [ogre/+0 giant spiked club (22)]
  4884 | D:6      | Slain by a gnoll sergeant
                  | ... wielding a +0 spear
                  | (8 damage)
  4896 | D:6      | HP: 2/68 [wraith (4)]
  5115 | D:6      | Found a staircase to the Ecumenical Temple.
  5122 | D:6      | Noticed Prince Ribbit
  5142 | D:6      | Killed Prince Ribbit
  5153 | Temple   | Entered the Ecumenical Temple
  5207 | Temple   | Became a worshipper of Gozag Ym Sagoz the Greedy
  5291 | D:6      | Found a shadowy altar of Dithmenos.
  5364 | D:6      | Noticed Sigmund
  5379 | D:6      | Killed Sigmund
  5471 | D:6      | Identified the +2 robe of the Pit {Rampage rElec rCorr}
  5521 | D:6      | Identified the +1 shortbow of Conservatism {freeze, Will+
                  | Int+7}
  6146 | D:7      | Reached skill level 5 in Stealth
  6155 | D:7      | Reached XP level 10. HP: 61/76 MP: 10/10
  7274 | D:8      | Found the +7 lajatang of Order {silver, rMut}
  7459 | D:8      | HP: 3/77 [gnoll/+0 flail[a gnoll bouda] (1)]
  7459 | D:8      | Slain by a gnoll
                  | ... wielding a +0 flail
                  | ... led by a gnoll bouda
                  | (5 damage)
  7477 | D:8      | Reached skill level 1 in Staves
  8178 | D:9      | Slain by a killer bee (7 damage)
  8183 | D:9      | HP: 1/77 [poisoned by a killer bee]
  8183 | D:9      | Slain by a killer bee (4 damage)
  8188 | D:9      | HP: 2/77 [killer bee (2)]
  8188 | D:9      | Slain by a killer bee (4 damage)
  8479 | D:9      | Reached skill level 1 in Polearms
  8551 | D:9      | Found a glowing silver altar of Zin.
  8595 | D:9      | Found a staircase to the Orcish Mines.
  8828 | Orc:1    | Entered Level 1 of the Orcish Mines
  8852 | Orc:1    | HP: 1/77 [troll (8)]
  8854 | Orc:1    | Slain by an orc
                  | ... wielding a +0 trident
                  | (4 damage)
  8865 | Orc:1    | HP: 3/77 [troll (5)]
  8866 | Orc:1    | Slain by an orc
                  | ... wielding a +0 trident
                  | (2 damage)
  8873 | Orc:1    | Noticed a cyclops
  8886 | Orc:1    | Demolished by a cyclops (25 damage)
  8893 | Orc:1    | Killed a cyclops
  8894 | Orc:1    | Reached XP level 11. HP: 30/84 MP: 11/11
  9457 | Orc:2    | Entered Level 2 of the Orcish Mines
  9477 | Orc:2    | HP: 3/84 [orc priest/nerve-wracking pain (14)]
  9477 | Orc:2    | Slain by an orc warrior
                  | ... wielding a +0 glaive
                  | (4 damage)
  9482 | Orc:2    | HP: 2/84 [orc warrior/+0 short sword (4)]
  9482 | Orc:2    | Slain by an orc warrior
                  | ... wielding a +0 war axe of electrocution
                  | (3 damage)
  9490 | Orc:2    | Slain by an orc warrior
                  | ... wielding a +0 glaive
                  | (9 damage)
  9498 | Orc:2    | HP: 2/84 [orc warrior/+0 war axe of electrocution (14)]
  9500 | Orc:2    | Slain by an orc warrior
                  | ... wielding a +0 glaive
                  | (6 damage)
  9706 | Orc:2    | Found Olicuj's Distillery.
  9738 | Orc:2    | Noticed an orc knight
  9747 | Orc:2    | Noticed an orc knight
  9750 | Orc:2    | HP: 2/84 [orc knight/+0 great mace of protection (12)]
  9751 | Orc:2    | Slain by an orc knight
                  | ... wielding a +0 great mace of protection
                  | (7 damage)
  9760 | Orc:2    | HP: 1/84 [orc knight/+0 great mace of protection (16)]
  9762 | Orc:2    | Mangled by an orc warrior
                  | ... wielding a +0 battleaxe
                  | (9 damage)
  9765 | Orc:2    | HP: 3/84 [orc knight/+0 great mace of protection (5)]
  9766 | Orc:2    | Slain by an orc warrior
                  | ... wielding a +0 glaive
                  | ... led by an orc knight
                  | (5 damage)
  9768 | Orc:2    | Reached skill level 10 in Axes
  9770 | Orc:2    | Slain by an orc warrior
                  | ... wielding a +0 long sword
                  | ... led by an orc knight
                  | (13 damage)
  9778 | Orc:2    | Slain by an orc warrior
                  | ... wielding a +0 glaive
                  | ... led by an orc knight
                  | (20 damage)
  9784 | Orc:2    | Demolished by an orc warrior
                  | ... wielding a +0 glaive
                  | ... led by an orc knight
                  | (23 damage)
  9787 | Orc:2    | Mangled by an orc knight
                  | ... wielding a +0 great mace of protection
                  | (25 damage)
  9793 | Orc:2    | Demolished by an orc knight
                  | ... wielding a +2 long sword of electrocution
                  | (23 damage)
  9795 | Orc:2    | Mangled by an orc knight
                  | ... wielding a +0 great mace of protection
                  | (33 damage)
  9796 | Orc:2    | Slain by an orc knight
                  | ... wielding a +2 long sword of electrocution
                  | (14 damage)
  9802 | Orc:2    | Shot with a bolt by an orc warrior (13 damage)
  9807 | Orc:2    | Killed an orc knight
  9812 | Orc:2    | HP: 1/82 [orc knight/+0 great mace of protection (27)]
  9812 | Orc:2    | Killed by divine providence
                  | ... invoked by an orc priest
                  | (16 damage)
  9815 | Orc:2    | Mangled by an orc knight
                  | ... wielding a +0 great mace of protection
                  | (13 damage)
  9819 | Orc:2    | HP: 3/82 [orc knight/+0 great mace of protection (9)]
  9820 | Orc:2    | Mangled by an orc warrior
                  | ... wielding a +0 trident
                  | (13 damage)
  9822 | Orc:2    | Slain by an orc warrior
                  | ... wielding a +0 glaive
                  | (24 damage)
  9830 | Orc:2    | HP: 2/82 [orc/+0 trident (6)]
  9830 | Orc:2    | Annihilated by an orc warrior
                  | ... wielding a +0 halberd
                  | (27 damage)
  9833 | Orc:2    | Killed an orc knight
  9833 | Orc:2    | Slain by an orc warrior
                  | ... wielding a +0 halberd
                  | (6 damage)
  9836 | Orc:2    | Slain by an orc warrior
                  | ... wielding a +0 glaive
                  | (20 damage)
  9843 | Orc:2    | Mangled by an orc warrior
                  | ... wielding a +0 glaive
                  | (14 damage)
  9864 | Orc:2    | HP: 2/85 [orc warrior/+2 scimitar of electrocution (8)]
  9866 | Orc:2    | Mangled by an orc warrior
                  | ... wielding a +2 scimitar of electrocution
                  | (15 damage)
 10013 | Orc:2    | Found a staircase to the Elven Halls.
 10015 | Orc:2    | Noticed an orc high priest
 10019 | Orc:2    | Noticed a soul eater
 10019 | Orc:2    | Noticed an orc knight
 10021 | Orc:2    | Noticed an orc high priest
 10023 | Orc:2    | Noticed an orc high priest
 10025 | Orc:2    | Noticed an orc knight
 10026 | Orc:2    | Noticed an orc knight
 10028 | Orc:2    | Noticed an orc knight
 10029 | Orc:2    | Gained mutation: You are dopey. (Int -2) [a neqoxec]
 10030 | Orc:2    | Killed an orc high priest
 10031 | Orc:2    | Gained mutation: You are frail. (-10% HP) [a neqoxec]
 10034 | Orc:2    | Slain by an orc warrior
                  | ... wielding a +0 dire flail of protection
                  | (5 damage)
 10034 | Orc:2    | Noticed an orc high priest
 10036 | Orc:2    | Killed by divine providence
                  | ... invoked by a smoke demon
                  | ... summoned by an orc high priest
                  | (14 damage)
 10037 | Orc:2    | Demolished by an ice devil (20 damage)
                  | ... summoned by an orc high priest
 10038 | Orc:2    | Noticed an orc high priest
 10039 | Orc:2    | Slain by an orc knight
                  | ... wielding a +0 broad axe
                  | (22 damage)
 10042 | Orc:2    | HP: 2/77 [burnt (4)]
 10042 | Orc:2    | Killed from afar by a smoke demon (7 damage)
                  | ... with a sticky flame
                  | ... summoned by an orc high priest
 10043 | Orc:2    | Slain by an orc warrior
                  | ... wielding a +0 trident
                  | (14 damage)
 10044 | Orc:2    | Slain by an orc warrior
                  | ... wielding a +0 halberd
                  | (13 damage)
 10045 | Orc:2    | Noticed a soul eater
 10046 | Orc:2    | Slain by an orc knight
                  | ... wielding a +1 heavy great sword
                  | (26 damage)
 10047 | Orc:2    | Mangled by an orc high priest
                  | ... wielding a +0 battleaxe
                  | (10 damage)
 10048 | Orc:2    | Killed by divine providence
                  | ... invoked by an orc high priest
                  | (12 damage)
 10049 | Orc:2    | Demolished by an orc knight
                  | ... wielding a +1 heavy great sword
                  | (33 damage)
 10049 | Orc:2    | HP: 2/77 [orc high priest/+0 dire flail (7)]
 10049 | Orc:2    | Demolished by an orc warrior
                  | ... wielding a +0 glaive
                  | (20 damage)
 10051 | Orc:2    | Killed by divine providence
                  | ... invoked by an orc high priest
                  | (14 damage)
 10052 | Orc:2    | Killed an orc high priest
 10052 | Orc:2    | Succumbed to an orange demon's poison
 10052 | Orc:2    | Slain by an orc warrior
                  | ... wielding a +0 trident
                  | (13 damage)
 10053 | Orc:2    | Reached XP level 12. HP: 82/82 MP: 12/12
 10054 | Orc:2    | Annihilated by an orc knight
                  | ... wielding a +1 heavy great sword
                  | (29 damage)
 10055 | Orc:2    | Noticed a sixfirhy
 10056 | Orc:2    | HP: 4/82 [poisoned by an orange demon]
 10056 | Orc:2    | Slain by an orc high priest
                  | ... wielding a +0 battleaxe
                  | (6 damage)
 10057 | Orc:2    | Slain by an orc warrior
                  | ... wielding a +0 trident
                  | (7 damage)
 10057 | Orc:2    | Killed an orc high priest
 10057 | Orc:2    | Killed an orc high priest
 10057 | Orc:2    | Killed by an exploding orc knight (9 damage)
                  | ... ignited by their inner flame
 10057 | Orc:2    | Killed by an exploding soul eater (30 damage)
                  | ... ignited by their inner flame
 10057 | Orc:2    | Killed an orc high priest
 10058 | Orc:2    | Reached skill level 10 in Armour
 10058 | Orc:2    | Reached skill level 5 in Dodging
 10059 | Orc:2    | Engulfed by a cloud of flame (15 damage)
 10405 | Orc:2    | Found Ixtohiyl's Jewellery Boutique.
 10405 | Orc:2    | Found Maesouc's General Store.
 10656 | Orc:2    | Found Daxol's Armour Boutique.
 10656 | Orc:2    | Found Ybliv Tyhuk's Weapon Shop.
 10748 | Orc:2    | Bought a +2 pair of gloves of infusion for 258 gold pieces
 10947 | D:9      | Noticed a two-headed ogre
 10967 | D:9      | Slain by a two-headed ogre
                  | ... wielding a +0 giant club
                  | (13 damage)
 10968 | D:9      | Killed a two-headed ogre
 11119 | D:9      | Found Myatuq's General Store.
 11768 | D:10     | Entered Level 10 of the Dungeon
 12333 | D:10     | Reached skill level 5 in Staves
 12345 | D:10     | HP: 2/84 [yak (6)]
 12347 | D:10     | Slain by a hornet (7 damage)
 12652 | D:10     | Reached XP level 13. HP: 55/90 MP: 6/13
 12915 | D:10     | Identified the +3 flail of Fyowaigu {flame, rF+ Will+++}
 12964 | D:10     | Noticed Psyche
 12974 | D:10     | Killed Psyche
 13013 | D:10     | Noticed Erica
 13021 | D:10     | Killed Erica
 13856 | D:11     | Found a staircase to the Lair.
 13927 | Lair:1   | Entered Level 1 of the Lair of Beasts
 13951 | Lair:1   | HP: 2/90 [rime drake/icy flash freeze (4)]
 14351 | Lair:1   | Found a shimmering altar of Xom.
 14555 | Lair:1   | Reached skill level 5 in Polearms
 15797 | Lair:2   | Slain by a death yak (14 damage)
 15810 | Lair:2   | Reached XP level 14. HP: 52/98 MP: 0/14
 15817 | Lair:2   | HP: 1/98 [elephant (10)]
 15819 | Lair:2   | Mangled by a death yak (8 damage)
 15848 | Lair:2   | Reached skill level 10 in Shields
 15865 | Lair:2   | HP: 4/98 [polar bear (2)]
 15868 | Lair:2   | Slain by an elephant (7 damage)
 16117 | Lair:2   | Reached skill level 10 in Fighting
 16253 | Lair:2   | Found a staircase to the Snake Pit.
 16290 | Lair:2   | Slain by a naga
                  | ... wielding a +0 mace
                  | (6 damage)
 16621 | Snake:1  | Entered Level 1 of the Snake Pit
 16632 | Snake:1  | Killed from afar by a shock serpent (14 damage)
                  | ... with an electric aura
 16634 | Snake:1  | Killed from afar by a shock serpent (15 damage)
                  | ... with a bolt of electricity
 16666 | Snake:1  | Shot with an arrow by a naga sharpshooter (8 damage)
 16687 | Snake:1  | Shot with an arrow by a naga sharpshooter (5 damage)
 17026 | Snake:1  | HP: 1/99 [black mamba[a naga ritualist] (8)]
 17026 | Snake:1  | Constricted to death by an anaconda (2 damage)
                  | ... led by a naga ritualist
 17038 | Snake:1  | HP: 3/99 [poisoned by a naga mage (splash of poison)]
 17038 | Snake:1  | HP: 1/99 [constriction[a naga ritualist] (2)]
 17038 | Snake:1  | Killed from afar by a naga mage (1 damage)
                  | ... with a splash of poison
 17257 | Snake:1  | HP: 4/99 [naga mage/+0 club (13)]
 17258 | Snake:1  | Mangled by a naga mage
                  | ... wielding a +0 club
                  | (16 damage)
 17275 | Snake:1  | Slain by a naga warrior
                  | ... wielding a +0 trident
                  | (5 damage)
 17538 | Snake:1  | HP: 4/99 [poisoned by a naga warrior (splash of poison)]
 17542 | Snake:1  | HP: 1/99 [poisoned by a naga warrior (splash of poison)]
 18081 | Snake:1  | Reached XP level 15. HP: 61/105 MP: 3/15
 18084 | Snake:1  | Slain by a salamander
                  | ... wielding a +1 glaive
                  | (12 damage)
 18433 | Snake:1  | Found a large runed translucent door.
 18433 | Snake:1  | Found a large runed translucent door.
 18553 | Snake:1  | Noticed Thrassey's ghost (adept KoHu)
 18849 | Snake:2  | Reached skill level 10 in Stealth
 18852 | Snake:2  | Slain by a salamander
                  | ... wielding a +0 trident
                  | (15 damage)
 19106 | Snake:2  | Noticed Vashnia
 19125 | Snake:2  | Shot with an arrow by Vashnia (38 damage)
 19131 | Snake:2  | Shot with an arrow by Vashnia (27 damage)
 19144 | Snake:2  | HP: 5/105 [spectral anaconda (7)]
 19144 | Snake:2  | Constricted to death by a spectral anaconda (3 damage)
 19155 | Snake:2  | HP: 2/105 [anaconda simulacrum (11)]
 19156 | Snake:2  | Mangled by an anaconda simulacrum (10 damage)
 19168 | Snake:2  | Shot with an arrow by Vashnia (29 damage)
 19290 | Snake:2  | Noticed GigaChad's ghost (journeyman FoFi)
 19291 | Snake:2  | Found a runed translucent door.
 19317 | Snake:2  | HP: 4/105 [Vashnia/arrow (11)]
 19327 | Snake:2  | HP: 3/105 [Vashnia/splash of poison (5)]
 19328 | Snake:2  | Succumbed to Vashnia's splash of poison
 19342 | Snake:2  | Shot with an arrow by Vashnia (31 damage)
 19380 | Snake:2  | Shot with an arrow by Vashnia (14 damage)
 19395 | Snake:2  | Killed Vashnia
 19510 | Snake:2  | Noticed Aizul
 19536 | Snake:2  | HP: 3/105 [poisoned by Aizul (bolt of poison)]
 19536 | Snake:2  | Mangled by Aizul (11 damage)
 19556 | Snake:2  | HP: 3/105 [Aizul (6)]
 19557 | Snake:2  | Succumbed to Aizul's bolt of poison
 19559 | Snake:2  | Killed Aizul
 19930 | Snake:2  | HP: 1/105 [shock serpent/bolt of electricity (13)]
 19931 | Snake:2  | Killed from afar by a shock serpent (5 damage)
                  | ... with an electric aura
 19937 | Snake:2  | Killed from afar by a shock serpent (17 damage)
                  | ... with a bolt of electricity
 20001 | Snake:2  | HP: 1/106 [naga sharpshooter/arrow (13)]
 20002 | Snake:2  | Annihilated by a naga warrior
                  | ... wielding a +0 war axe
                  | (30 damage)
 20472 | Snake:2  | Shot with an arrow by a naga sharpshooter (10 damage)
 21114 | Snake:2  | Killed GigaChad's ghost
 21225 | Snake:3  | Reached XP level 16. HP: 59/112 MP: 6/16
 21228 | Snake:3  | HP: 2/112 [naga/+0 halberd (9)]
 21229 | Snake:3  | Succumbed to a naga mage's bolt of poison
 21371 | Snake:3  | HP: 5/112 [salamander/+1 halberd (13)]
 21371 | Snake:3  | HP: 2/112 [anaconda (3)]
 21371 | Snake:3  | Constricted to death by an anaconda (2 damage)
 21373 | Snake:3  | Mangled by a shock serpent (10 damage)
 21377 | Snake:3  | Slain by a shock serpent (10 damage)
 21379 | Snake:3  | HP: 3/112 [salamander/+1 halberd (12)]
 21379 | Snake:3  | Mangled by a salamander
                  | ... wielding a +1 halberd
                  | (10 damage)
 21384 | Snake:3  | HP: 2/112 [shock serpent (6)]
 21384 | Snake:3  | Mangled by a shock serpent (11 damage)
 21388 | Snake:3  | Engulfed by a cloud of flame (9 damage)
 21391 | Snake:3  | HP: 4/113 [shock serpent/electric aura (2)]
 21392 | Snake:3  | Succumbed to a naga ritualist's toxic radiance
 21397 | Snake:3  | HP: 2/113 [spore (29)]
 21398 | Snake:3  | Engulfed by a cloud of flame (22 damage)
 21403 | Snake:3  | HP: 4/113 [salamander/+1 halberd (13)]
 21403 | Snake:3  | Slain by a salamander
                  | ... wielding a +1 halberd
                  | (8 damage)
 21408 | Snake:3  | Engulfed by a cloud of flame (14 damage)
 21426 | Snake:3  | HP: 4/113 [salamander/+0 glaive (15)]
 21427 | Snake:3  | Mangled by a salamander
                  | ... wielding a +0 glaive
                  | (12 damage)
 21505 | Snake:3  | Slain by a naga
                  | ... wielding a +0 trident
                  | (16 damage)
 21931 | Snake:3  | Found Laxis's Jewellery Emporium.
 21931 | Snake:3  | Found Kosoeg's Book Shop.
 21932 | Snake:3  | Found Cil Qass's Jewellery Emporium.
 21938 | Snake:3  | Bought the amulet "Plog" {Reflect Drain Int+6 Slay+2 SH+5}
                  | for 890 gold pieces
 22365 | Snake:3  | Identified a scroll of acquirement
 22365 | Snake:3  | Acquired the +10 crystal plate armour of Focus {Int+3
                  | Dex+3}
 22414 | Snake:4  | Entered Level 4 of the Snake Pit
 22490 | Snake:4  | Identified the +5 ring mail of the Good {Will+ SInv}
 22660 | Snake:4  | Succumbed to a naga ritualist's toxic radiance
 22673 | Snake:4  | HP: 4/114 [poisoned by a naga ritualist (toxic radiance)]
 22674 | Snake:4  | Succumbed to a naga ritualist's toxic radiance
 22985 | Snake:4  | Reached skill level 1 in Evocations
 23066 | Snake:4  | Reached skill level 15 in Axes
 23066 | Snake:4  | Reached skill level 10 in Staves
 23079 | Snake:4  | Reached skill level 1 in Spellcasting
 23403 | Snake:4  | HP: 5/114 [poisoned by a naga (splash of poison)]
 23403 | Snake:4  | Mangled by a salamander mystic
                  | ... wielding a +0 dagger
                  | (11 damage)
 23819 | Snake:4  | Reached XP level 17. HP: 105/119 MP: 7/19
 24227 | Snake:4  | Slain by a salamander mystic
                  | ... wielding a +0 quarterstaff
                  | (14 damage)
 24232 | Snake:4  | HP: 4/119 [nagaraja/bolt of poison (50)]
 24232 | Snake:4  | Killed from afar by a nagaraja (30 damage)
                  | ... with a poison arrow
 24240 | Snake:4  | HP: 3/119 [naga warrior/+2 heavy hand axe (12)]
 24241 | Snake:4  | Succumbed to a nagaraja's splash of poison
 24246 | Snake:4  | Killed from afar by a salamander mystic (21 damage)
                  | ... with a lance of force
 24288 | Snake:4  | HP: 4/119 [constriction (4)]
 24289 | Snake:4  | Constricted to death by a nagaraja (4 damage)
 24365 | Snake:4  | HP: 4/119 [poisoned by a nagaraja (splash of poison)]
 24365 | Snake:4  | Killed from afar by a nagaraja (29 damage)
                  | ... with a bolt of poison
 24387 | Snake:4  | Learned a level 4 spell: Fulminant Prism
 24393 | Snake:4  | Learned a level 5 spell: Arcjolt
 24400 | Snake:4  | Learned a level 6 spell: Plasma Beam
 25150 | Snake:4  | Got a serpentine rune of Zot
 25598 | Lair:2   | Found a staircase to the Shoals.
 26112 | Lair:3   | Noticed Amaemon
 26119 | Lair:3   | Killed Amaemon
 26404 | Lair:3   | Identified the +6 dire flail of the Keeping Visionary
                  | {holy, rN+ Int+2}
 27203 | Lair:4   | Found a frozen archway.
 27267 | Lair:4   | Found a viscous altar of Jiyva.
 27267 | Lair:4   | Found a staircase to the Slime Pits.
 27315 | IceCv    | Entered an ice cave
 27793 | IceCv    | Reached XP level 18. HP: 126/126 MP: 16/22
 29630 | Lair:5   | Entered Level 5 of the Lair of Beasts
 29888 | Lair:5   | Slain by a six-headed hydra (9 damage)
 29915 | Lair:5   | HP: 3/126 [18-headed hydra (4)]
 29915 | Lair:5   | Mangled by a catoblepas (14 damage)
 29929 | Lair:5   | HP: 6/127 [19-headed hydra (1)]
 29929 | Lair:5   | HP: 1/127 [19-headed hydra (2)]
 29929 | Lair:5   | Slain by a 19-headed hydra (3 damage)
 29941 | Lair:5   | HP: 4/127 [19-headed hydra (5)]
 29941 | Lair:5   | Slain by a 19-headed hydra (6 damage)
 31020 | Lair:5   | Found a corrupted altar of Lugonu.
 31020 | Lair:5   | Found a one-way gate to the infinite horrors of the Abyss.
 31804 | Shoals:1 | Entered Level 1 of the Shoals
 31942 | Shoals:1 | Reached skill level 15 in Shields
 32826 | Shoals:1 | Reached XP level 19. HP: 114/133 MP: 14/25
 33667 | Shoals:2 | Identified the orb of Wrong Decisions {*Rage, Contam rPois
                  | rC+}
 34097 | Shoals:2 | Reached skill level 1 in Hexes
 34371 | Shoals:2 | Reached skill level 5 in Evocations
 34603 | Shoals:3 | Noticed Kirke
 34623 | Shoals:3 | Killed Kirke
 34643 | Shoals:3 | Reached skill level 1 in Conjurations
 34643 | Shoals:3 | Reached skill level 1 in Air Magic
 35137 | Shoals:3 | Reached skill level 1 in Fire Magic
 35309 | Shoals:3 | Noticed Ilsuiw
 35332 | Shoals:3 | Killed Ilsuiw
 35739 | Shoals:3 | Noticed Roxanne
 35754 | Shoals:3 | Killed Roxanne
 36287 | Shoals:4 | Entered Level 4 of the Shoals
 36562 | Shoals:4 | Identified the +9 mace "Nohar" {freeze, Drain Fly Str+2
                  | Int+2}
 36796 | Shoals:4 | Noticed Polyphemus
 36826 | Shoals:4 | Killed Polyphemus
 36981 | Shoals:4 | Identified the +0 chain mail of Refuge {rC- rCorr Dex+9}
 37129 | Shoals:4 | Reached skill level 1 in Shapeshifting
 37578 | Shoals:4 | Got a barnacled rune of Zot
 37596 | Shoals:4 | Reached XP level 20. HP: 136/140 MP: 14/27
 37673 | Shoals:4 | Reached skill level 5 in Spellcasting
 37873 | Shoals:4 | Identified the +0 plate armour "Vuzac" {rN++ Str-4 Stlth+}
 40467 | D:13     | Found a gate to the Vaults.
 40511 | D:13     | HP: 7/141 [centaur warrior/arrow (10)]
 40512 | D:13     | Slain by a 20-headed hydra (8 damage)
 41082 | D:14     | Learned a level 8 spell: Lehudib's Crystal Spear
 41125 | D:14     | Identified the +1 robe of Grace {Stlth+}
 41413 | D:15     | Entered Level 15 of the Dungeon
 41572 | D:15     | Found a radiant altar of Vehumet.
 41784 | D:15     | Identified the +7 trident of Deimasch {elec, Str+2}
 41925 | D:15     | Found a staircase to the Depths.
 43101 | Vaults:1 | Entered Level 1 of the Vaults
 43107 | Vaults:1 | Noticed Donald
 43131 | Vaults:1 | Slain by an orc knight
                  | ... wielding a +0 halberd
                  | (18 damage)
 43147 | Vaults:1 | Killed Donald
 43241 | Vaults:1 | Reached XP level 21. HP: 60/147 MP: 0/29
 43252 | Vaults:1 | HP: 7/147 [vault warden/+3 great mace of protection (6)]
 43258 | Vaults:1 | Mangled by a vault warden
                  | ... wielding a +3 great mace of protection
                  | (17 damage)
 43541 | Vaults:1 | Found Noiskieb's Distillery.
 43556 | Vaults:1 | Found Naoto's Weapon Boutique.
 43845 | Vaults:1 | Killed from afar by a fire giant (37 damage)
                  | ... with a bolt of fire
 43865 | Vaults:1 | Reached skill level 10 in Polearms
 43907 | Vaults:1 | HP: 3/147 [ironbound preserver/+0 flail (12)]
 43908 | Vaults:1 | Succumbed to a green draconian's poison gas
 43922 | Abyss:3  | Cast into level 3 of the Abyss (a deep elf sorcerer)
 44170 | Abyss:3  | Noticed a bone dragon
 44201 | Abyss:3  | Killed from afar by a starcursed mass (9 damage)
                  | ... with an accursed screaming
 44206 | Abyss:3  | Killed a bone dragon
 44263 | Abyss:3  | Slain by a quicksilver dragon simulacrum (10 damage)
 44272 | Abyss:3  | Mangled by a quicksilver dragon simulacrum (42 damage)
 44289 | Vaults:1 | Escaped the Abyss
 44299 | Vaults:1 | Mangled by a titan (22 damage)
 44302 | Vaults:1 | HP: 6/147 [tengu reaver/bolt of cold (9)]
 44303 | Vaults:1 | Killed from afar by a starcursed mass (7 damage)
                  | ... with an accursed screaming
 44308 | Vaults:1 | Reached skill level 5 in Hexes
 44794 | Vaults:1 | Acquired the ring of Kawnoor {Contam +Blink rPois rC++
                  | Str+6}
 45438 | Vaults:2 | Reached XP level 22. HP: 154/154 MP: 7/31
 45767 | Vaults:2 | Found the +5 Storm Queen's Shield {shock, Fly rElec}
 46117 | Vaults:2 | Found a staircase to the Crypt.
 47230 | Vaults:2 | Identified the +1 scale mail of the True Pharaoh {rElec
                  | Str+3 Int+3 Slay+2}
 47419 | Vaults:3 | Noticed Asterion
 47431 | Vaults:3 | Killed Asterion
 47575 | Vaults:3 | Reached skill level 10 in Dodging
 48015 | Vaults:3 | Noticed Sojobo
 48025 | Vaults:3 | Killed by the air
                  | ... invoked by Sojobo
                  | (22 damage)
 48034 | Vaults:3 | Killed Sojobo
 48600 | Vaults:3 | Noticed Margery
 48620 | Vaults:3 | Killed Margery
 48992 | Vaults:3 | Found a runed translucent door.
 48992 | Vaults:3 | Noticed GloriousHammer's ghost (adept DgFE)
 49031 | Vaults:3 | Killed GloriousHammer's ghost
 49253 | Vaults:3 | Reached XP level 23. HP: 141/161 MP: 0/33
 49255 | Vaults:3 | Identified the +7 long sword of Tyjukk {flame, *Noise Fly
                  | rN+++ SInv}
 49907 | Vaults:4 | Reached skill level 5 in Fire Magic
 50332 | Vaults:4 | Reached skill level 5 in Conjurations
 51095 | Vaults:4 | Reached skill level 5 in Shapeshifting
 51509 | Vaults:4 | Identified the +10 dagger "Ecawy" {heavy, Str+3}
 51517 | Vaults:4 | Noticed a golden dragon
 51529 | Vaults:4 | Killed a golden dragon
 51530 | Vaults:4 | Reached skill level 15 in Armour
 51537 | Vaults:4 | Identified the +1 dagger of Emaose {elec, rF+ rC+ Str+3}
 51538 | Vaults:4 | Identified the +0 leather armour of Vehumet's Reproof
                  | {*Slow rCorr SInv}
 51665 | Vaults:4 | Identified the staff "Xaurusung" {rF+ rC++ MP+9 Dex-2 Hexes
                  | Fire}
 51912 | Vaults:5 | Identified the "Vaiwk"
 51912 | Vaults:5 | Entered Level 5 of the Vaults
 52152 | Vaults:5 | Reached skill level 15 in Fighting
 52287 | Vaults:5 | Identified the +3 flail of the Solstice {venom, rC+ rN+}
 52295 | Vaults:5 | Noticed an ancient lich
 52311 | Vaults:5 | Killed an ancient lich
 52312 | Vaults:5 | Identified the +2 long sword "Qyaratuck" {vamp, rCorr MP+9
                  | Str+3}
 52313 | Vaults:5 | Identified the ring of Freedom {Fire rPois Int+4 Dex+3}
 52349 | Vaults:5 | Got a silver rune of Zot
 52353 | Vaults:5 | Identified the +0 hat of Kikubaaqudgha's Grace {Int+3}
 52622 | Vaults:5 | Identified the +4 sling of the Nurturing Madman {freeze,
                  | rElec}
 52735 | Vaults:5 | Reached XP level 24. HP: 61/169 MP: 11/34
 52762 | Vaults:5 | Killed by a malign offering
                  | ... invoked by a deep elf high priest
                  | (24 damage)
 52885 | Vaults:5 | Noticed a golden dragon
 52899 | Vaults:5 | Killed a golden dragon
 52924 | Vaults:5 | HP: 6/170 [vault warden/+0 war axe (7)]
 53354 | Vaults:5 | Noticed a golden dragon
 53370 | Vaults:5 | Killed a golden dragon
 53371 | Vaults:5 | Reached skill level 5 in Air Magic
 54105 | Vaults:5 | Found Wuunetym's Magic Scroll Shoppe.
 54297 | Vaults:5 | Reached skill level 15 in Stealth
 55137 | Crypt:1  | Entered Level 1 of the Crypt
 55174 | Crypt:1  | Identified the ring "Wuthrairr" {Ice Will+ SInv}
 55174 | Crypt:1  | Noticed Josephina
 55196 | Crypt:1  | Killed Josephina
 55239 | Crypt:1  | HP: 3/169 [nagaraja simulacrum[Josephina] (6)]
 55239 | Crypt:1  | Slain by a nagaraja simulacrum (6 damage)
                  | ... led by Josephina
 55529 | Crypt:1  | Identified the +0 pair of gloves of Beot {rElec Int+3}
 55725 | Crypt:1  | Found an ancient bone altar of Kikubaaqudgha.
 56132 | Crypt:2  | Reached XP level 25. HP: 148/169 MP: 32/34
 57286 | Crypt:3  | Entered Level 3 of the Crypt
 57463 | Crypt:3  | Found an ancient bone altar of Kikubaaqudgha.
 57693 | Crypt:3  | Found a staircase to the Tomb.
 59313 | Crypt:3  | Found a basalt altar of Yredelemnul.
 59315 | Crypt:3  | Found an ancient bone altar of Kikubaaqudgha.
 59892 | Depths:1 | Entered Level 1 of the Depths
 59895 | Depths:1 | Found a gateway to Hell.
 60078 | Depths:1 | Found a glowing silver altar of Zin.
 60752 | Depths:1 | Reached XP level 26. HP: 147/184 MP: 9/35
 61179 | Depths:1 | Acquired a +2 pair of boots of flying
 61190 | Depths:1 | Acquired 285 gold pieces
 61248 | Depths:1 | Found a hazy altar of Hepliaklqana.
 62169 | Depths:2 | Identified the +1 pair of boots of the Harp {Harm Str+2
                  | Int+5 Dex-5}
 62221 | Depths:2 | Found a one-way gate leading to the halls of Pandemonium.
 62489 | Depths:2 | Noticed a juggernaut
 62501 | Depths:2 | Killed a juggernaut
 62544 | Depths:2 | HP: 5/185 [iron dragon (8)]
 62557 | Depths:2 | HP: 6/185 [living spell/crystal spear[a walking crystal
                  | tome] (5)]
 62559 | Depths:2 | Killed from afar by a spriggan air mage (10 damage)
                  | ... with a bolt of lightning
 63435 | Depths:3 | Noticed Xtahua
 63435 | Depths:3 | Noticed Parghit
 63448 | Depths:3 | Killed Xtahua
 63450 | Depths:3 | Killed Parghit
 63864 | Depths:3 | Noticed Jory
 63883 | Depths:3 | Killed Jory
 65151 | Depths:3 | Found the +10 tower shield of Ignorance {rN+ Int-4}
 65159 | Depths:3 | Reached XP level 27. HP: 84/191 MP: 27/36
 65165 | Depths:3 | Identified the ring "Midghete" {Wiz rF+ Int+5}
 65631 | Depths:4 | Entered Level 4 of the Depths
 65700 | Depths:4 | Found a one-way gateway to a ziggurat.
 65736 | Depths:4 | Shot with a bolt by a yaktaur captain (28 damage)
 65832 | Depths:4 | HP: 2/184 [daeva/divine providence (14)]
 65833 | Depths:4 | Killed by divine providence
                  | ... invoked by a daeva
                  | (11 damage)
 66313 | Depths:4 | Found Plog's Antique Weapon Shoppe.
 66585 | Depths:4 | Found a gate to the Realm of Zot.
 66822 | Depths:4 | Found a sacrificial altar of Ru.
 66967 | Elf:1    | Identified the "Puorakev"
 66967 | Slime:5  | Identified the of Awnu
 66967 | Tomb:3   | Identified the of Zoetakh
 66967 | Tomb:3   | Identified the of Gerian
 66967 | Tar:7    | Identified the of Fadwo
 66967 | Dis:7    | Identified the of Woij
 66967 | Geh:7    | Identified the of Rotussosi
 66967 | Geh:7    | Identified the "Hounweck"
 66967 | Geh:7    | Identified the of Suecak
 66967 | Zig:1    | Entered Level 1 of a ziggurat
 67017 | Zig:2    | Entered Level 2 of a ziggurat
 67165 | Zig:3    | Identified the "Qaote"
 67165 | Zig:3    | Entered Level 3 of a ziggurat
 67213 | Zig:4    | Entered Level 4 of a ziggurat
 67250 | Zig:4    | Identified the +3 short sword of Unpleasantness {vamp,
                  | *Corrode rElec rF+ Str+4}
 67252 | Zig:4    | Identified the ring of Dyg Rem {rC+ Int+2}
 67256 | Zig:5    | Entered Level 5 of a ziggurat
 67388 | Zig:5    | Reached skill level 10 in Evocations
 67426 | Zig:5    | Identified the +9 spear of Powerful Valiance {vamp, Will+}
 67429 | Zig:6    | Entered Level 6 of a ziggurat
 67518 | Zig:6    | Identified the staff "Bupsocim" {rElec rPois SInv Stlth+
                  | Poison}
 67523 | Zig:7    | Entered Level 7 of a ziggurat
 67625 | Zig:7    | Noticed a royal mummy
 67633 | Zig:7    | HP: 7/192 [poisoned by an ushabti (dark miasma)]
 67634 | Zig:7    | HP: 3/192 [poisoned by an ushabti (dark miasma)]
 67635 | Zig:7    | HP: 1/192 [poisoned by an ushabti (dark miasma)]
 67636 | Zig:7    | Succumbed to an ushabti's dark miasma
 67656 | Zig:7    | HP: 3/192 [poisoned by an emperor scorpion]
 67657 | Zig:7    | Succumbed to an emperor scorpion's poison
 67671 | Zig:7    | Killed a royal mummy
 67923 | Zig:7    | Identified the staff "Wofoic" {rPois Will+ Poison}
 67935 | Zig:7    | Identified the +5 plate armour of Responsibility {Dex+3}
 67950 | Zig:8    | Entered Level 8 of a ziggurat
 68026 | Zig:8    | Identified the +0 scale mail "Uhoinkot" {Int+2}
 68037 | Zig:9    | Entered Level 9 of a ziggurat
 68486 | Zig:10   | Entered Level 10 of a ziggurat
 68937 | Zig:11   | Entered Level 11 of a ziggurat
 68969 | Zig:11   | Slain by a formless jellyfish (23 damage)
 69136 | Zig:11   | Identified the +10 flail of the Thieving Gods {flame, *Slow
                  | rElec Will+}
 69169 | Zig:12   | Identified the of Sefruuro
 69169 | Zig:12   | Entered Level 12 of a ziggurat
 69195 | Zig:12   | Reached skill level 10 in Hexes
 69257 | Zig:12   | Identified the amulet "Fiqaedgh" {+Blink rPois rC- Regen+
                  | rCorr}
 69263 | Zig:12   | Identified the ring "Nimiuvoge" {rC+ Int+6 Dex+3 Stlth+}
 69275 | Zig:12   | Identified the +0 pair of boots "Buipt" {Slay+3 Stlth+}
 69306 | Zig:13   | Entered Level 13 of a ziggurat
 69338 | Zig:13   | Slain by a salamander mystic
                  | ... wielding a +0 quarterstaff
                  | (19 damage)
 69406 | Zig:13   | Identified the +10 quarterstaff "Modisuh" {heavy, rElec rF-
                  | Str+4 SInv}
 69414 | Zig:13   | Identified the +5 short sword of Brawling {flame, Str+2
                  | Dex+3}
 69417 | Zig:13   | Identified the +0 fire dragon scales of the Arcane {rF++
                  | rC- Dex+4 Slay+2}
 69430 | Zig:13   | Identified the ring of Reid {rElec rF+ rN+ Str+3 SInv}
 69440 | Zig:13   | Identified the +4 morningstar of the Wonderful God {flame,
                  | Drain rC++ Will+ Stlth+}
 69443 | Zig:13   | Identified the +2 plate armour "Paf Mani" {Will+}
 69448 | Zig:14   | Identified the "Isatraxt"
 69448 | Zig:14   | Identified the of Jann
 69448 | Zig:14   | Entered Level 14 of a ziggurat
 69458 | Zig:14   | Found the +5 moon troll leather armour {Spirit, Regen++
                  | MP+5}
 69470 | Zig:14   | HP: 8/185 [Executioner[a deep elf demonologist] (2)]
 69470 | Zig:14   | Killed from afar by a deep elf zephyrmancer (11 damage)
                  | ... with a bolt of lightning
 69474 | Zig:14   | Reached skill level 10 in Spellcasting
 69872 | Zig:14   | Identified the +7 hand axe of the Dark Horse {antimagic,
                  | Str+3}
 69894 | Zig:14   | Identified the +6 executioner's axe of Dawn {drain, rN++
                  | rCorr}
 69909 | Zig:14   | Identified the ring of Poucaah {AC+4 Str+4 Stlth-}
 69911 | Zig:14   | Identified the +1 leather armour of Vonkocw {+Blink Fly
                  | Dex-5 Slay+3}
 69922 | Zig:14   | Acquired a manual of Spellcasting
 69923 | Zig:14   | Acquired a manual of Polearms
 69938 | Zig:14   | Identified the ring "Ajiu" {Ice +Blink Str+4 Slay-4}
 69961 | Zig:15   | Identified the "Ketoes"
 69961 | Zig:15   | Entered Level 15 of a ziggurat
 69997 | Zig:15   | Found the +10 Black Knight's barding {ponderous, rPois rN+}
 69997 | Zig:15   | Found the +3 pair of gauntlets of War {Slay+5}
 70006 | Zig:15   | Mangled by a demonic crawler (24 damage)
 70221 | Zig:15   | Identified the ring of the King {Will+ Str+6 Slay+2}
 70236 | Zig:15   | Identified the +6 glaive of Hacking and Slashing {heavy,
                  | Will+}
 70248 | Zig:15   | Identified the ring of Enyad {rN++ Dex+6}
 70253 | Zig:15   | Identified the +6 long sword of the Undead {freeze, Str+6
                  | Dex-3}
 70260 | Zig:16   | Entered Level 16 of a ziggurat
 70289 | Zig:16   | Killed by the raging water
                  | ... invoked by a water nymph
                  | (18 damage)
 70751 | Zig:16   | Identified the +7 demon whip of Dowdy Optimality {elec,
                  | Fragile rPois Dex+3}
 70756 | Zig:16   | Identified the +6 whip "Cilom" {pain, Fly Int+2}
 70779 | Zig:16   | Upgraded the game from 0.31-a0-920-g28cbb04a8c to
                  | 0.31-a0-925-g0a390f2509
 70792 | Zig:17   | Identified the "Obbuojiw"
 70792 | Zig:17   | Entered Level 17 of a ziggurat
 70801 | Zig:17   | Noticed a dread lich
 70818 | Zig:17   | Killed a dread lich
 71177 | Zig:17   | Identified the amulet "Ackawun" {RegenMP Harm}
 71184 | Zig:17   | Identified the staff "Owiaracs" {rF+ rCorr Str+4 Int-3
                  | Fire}
 71185 | Zig:17   | Identified the +0 flail of Ipse Dixit {antimagic, Will++
                  | rCorr}
 71206 | Zig:18   | Entered Level 18 of a ziggurat
 71234 | Zig:18   | Killed by divine providence
                  | ... invoked by an orc priest
                  | (13 damage)
 71342 | Zig:18   | Identified the +0 helmet "Varekhir" {rF+ rN++ Str+3 Dex-5}
 71343 | Zig:18   | Identified the +0 pair of gloves of Sufficient Curiosity
                  | {*Slow Str+4 Int+3}
 71353 | Zig:18   | Identified the +2 falchion of the End {drain, Fragile rF+
                  | rC+ Str+3}
 71355 | Zig:18   | Identified the +0 dire flail "Nemmaul" {flame, MP+9}
 71361 | Zig:19   | Identified the "Dugih"
 71361 | Zig:19   | Entered Level 19 of a ziggurat
 71381 | Zig:19   | Killed by an exploding bloated husk (43 damage)
                  | ... set off by themself
 71411 | Zig:19   | Slain by an alligator snapping turtle (19 damage)
 71599 | Zig:19   | Identified the +3 battleaxe of the Lumpy Xenops {venom, Fly
                  | rElec rN+ Dex+3}
 71616 | Zig:19   | Identified the +8 great sword of Ignis's Inspiration
                  | {freeze, rElec rPois rF+}
 71633 | Zig:19   | Identified the +2 orcbow of the Eyes {drain, Str+4}
 71710 | Zig:20   | Identified the of Tunamm
 71710 | Zig:20   | Entered Level 20 of a ziggurat
 71729 | Zig:20   | Noticed Luxt the pandemonium lord
 71732 | Zig:20   | HP: 1/187 [green death/poison arrow (12)]
 71732 | Zig:20   | Slain by an Executioner (1 damage)
 71734 | Zig:20   | Demolished by a demonspawn warmonger
                  | ... wielding a +3 demon whip of flaming
                  | (26 damage)
 71736 | Zig:20   | Slain by a demonspawn warmonger
                  | ... wielding a +5 demon blade of venom
                  | (3 damage)
 71739 | Zig:20   | Annihilated by a demonspawn warmonger
                  | ... wielding a +3 demon whip of flaming
                  | (49 damage)
 71739 | Zig:20   | HP: 2/134 [Luxt the pandemonium lord (9)]
 71740 | Zig:20   | Killed by an exploding ufetubus (33 damage)
                  | ... ignited by their inner flame
 71740 | Zig:20   | Killed by an exploding demonspawn warmonger (34 damage)
                  | ... ignited by their inner flame
 71743 | Zig:20   | Killed from afar by a Tzitzimitl (14 damage)
                  | ... with a bolt of negative energy
 71746 | Zig:20   | Killed from afar by a Tzitzimitl (36 damage)
                  | ... with a bolt of negative energy
 71747 | Zig:20   | Killed Luxt the pandemonium lord
 71752 | Zig:20   | HP: 1/172 [cloud of flame (21)]
 71752 | Zig:20   | Killed by an exploding smoke demon (25 damage)
                  | ... ignited by their inner flame
 72544 | Zig:20   | Identified the +2 cloak of the Riding Gods {rPois rN+
                  | Slay+4}
 72569 | Zig:20   | Identified the ring of Baxiumal {rPois rF+ rC+ rN++ Slay+2}
 72585 | Zig:20   | Reached skill level 15 in Staves
 72605 | Zig:20   | Identified the +5 whip "Hikhlaull" {heavy, Fragile rN+++
                  | Int+4}
 72614 | Zig:20   | Identified the +0 dagger "Nowkomifu" {flame, Str+3 Stlth+}
 72617 | Zig:21   | Identified the "Cegiru"
 72617 | Zig:21   | Entered Level 21 of a ziggurat
 72638 | Zig:21   | Noticed a dread lich
 72647 | Zig:21   | Noticed an ancient lich
 72648 | Zig:21   | Noticed an ancient lich
 72657 | Zig:21   | Killed a dread lich
 72673 | Zig:21   | Killed from afar by an ancient lich (44 damage)
                  | ... with a bolt of acid
                  | ... while petrified by an ancient lich
 72680 | Zig:21   | Killed an ancient lich
 72682 | Zig:21   | Killed an ancient lich
 72882 | Zig:21   | Identified the +0 scale mail of Forking Paths {Drain rElec
                  | Dex+5}
 72902 | Zig:21   | Identified the ring "Vuovua" {rElec rPois rF- Str+5}
 72918 | Zig:21   | Identified the ring of Qammomnu {rN+ Dex+2}
 72926 | Zig:21   | Identified the +0 plate armour of Uzxes {*Slow Int+6}
 72934 | Zig:22   | Entered Level 22 of a ziggurat
 72955 | Zig:22   | Engulfed by a cloud of flame (11 damage)
 72974 | Zig:22   | Identified the +1 buckler of Subjectivity {rF+ SInv}
 73501 | Zig:22   | Identified the ring "Ijatutes" {rElec rC+ Will+ Int-4
                  | Dex+3}
 73505 | Zig:22   | Identified the +2 scimitar of Mutaen {venom, Int+6}
 73506 | Zig:22   | Identified the +4 halberd of Laceration {freeze, *Slow
                  | rElec rF+++ rCorr}
 73532 | Zig:22   | Reached skill level 10 in Fire Magic
 73609 | Zig:22   | Identified the amulet of the Unkillable {Spirit Regen+}
 73610 | Zig:22   | Identified the amulet "Dekhuoci" {Acrobat Str+3}
 73625 | Zig:23   | Entered Level 23 of a ziggurat
 73632 | Zig:23   | Noticed Piutenegg the pandemonium lord
 73632 | Zig:23   | Noticed Ycsaatront the pandemonium lord
 73632 | Zig:23   | Noticed Uzua the pandemonium lord
 73632 | Zig:23   | Noticed Huesosemn the pandemonium lord
 73633 | Zig:23   | Noticed a Killer Klown
 73634 | Zig:23   | Noticed Hoisec the pandemonium lord
 73634 | Zig:23   | Noticed Puseitz the pandemonium lord
 73634 | Zig:23   | Noticed Plog the pandemonium lord
 73635 | Zig:23   | Noticed Hofrut the pandemonium lord
 73635 | Zig:23   | Noticed Lupocs Hole the pandemonium lord
 73635 | Zig:23   | Noticed a Killer Klown
 73635 | Zig:23   | Noticed Tiphu the pandemonium lord
 73635 | Zig:23   | Noticed a Killer Klown
 73636 | Zig:23   | Noticed Iledeqi the pandemonium lord
 73636 | Zig:23   | Noticed Furiun the pandemonium lord
 73638 | Zig:23   | Killed Ycsaatront the pandemonium lord
 73638 | Zig:23   | Noticed Nuyrgh the pandemonium lord
 73638 | Zig:23   | Noticed Zih Qoamoena the pandemonium lord
 73638 | Zig:23   | Noticed a Killer Klown
 73639 | Zig:23   | Killed a Killer Klown
 73639 | Zig:23   | Killed a Killer Klown
 73639 | Zig:23   | Killed a Killer Klown
 73640 | Zig:23   | Killed Huesosemn the pandemonium lord
 73640 | Zig:23   | Killed a Killer Klown
 73640 | Zig:23   | Killed from afar by Hofrut the pandemonium lord (56 damage)
                  | ... with a crystal spear
 73641 | Zig:23   | Killed Uzua the pandemonium lord
 73641 | Zig:23   | Killed Plog the pandemonium lord
 73641 | Zig:23   | Killed Piutenegg the pandemonium lord
 73641 | Zig:23   | Killed Iledeqi the pandemonium lord
 73641 | Zig:23   | Killed Puseitz the pandemonium lord
 73642 | Zig:23   | Killed Hoisec the pandemonium lord
 73642 | Zig:23   | Noticed Put Xey the pandemonium lord
 73643 | Zig:23   | Noticed a Killer Klown
 73644 | Zig:23   | Killed Tiphu the pandemonium lord
 73644 | Zig:23   | Killed Hofrut the pandemonium lord
 73644 | Zig:23   | Noticed a Killer Klown
 73645 | Zig:23   | Reached skill level 15 in Polearms
 73647 | Zig:23   | Noticed a Killer Klown
 73647 | Zig:23   | Noticed Rauluaz the pandemonium lord
 73650 | Zig:23   | Killed from afar by Put Xey the pandemonium lord (28
                  | damage)
                  | ... with a bolt of fire
 73652 | Zig:23   | Killed a Killer Klown
 73654 | Zig:23   | Killed Zih Qoamoena the pandemonium lord
 73659 | Zig:23   | Killed Rauluaz the pandemonium lord
 73659 | Zig:23   | HP: 4/185 [disintegration (31)]
 73660 | Zig:23   | Killed Furiun the pandemonium lord
 73660 | Zig:23   | Killed by an exploding Furiun (11 damage)
                  | ... ignited by their inner flame
 73660 | Zig:23   | Killed a Killer Klown
 73660 | Zig:23   | Killed a Killer Klown
 73662 | Zig:23   | Killed Nuyrgh the pandemonium lord
 73663 | Zig:23   | Killed Put Xey the pandemonium lord
 73664 | Zig:23   | Killed Lupocs Hole the pandemonium lord
 73676 | Zig:23   | Reached skill level 10 in Shapeshifting
 74165 | Zig:23   | Identified the +3 longbow "Qymicixye" {antimagic, *Slow
                  | +Blink Dex+3 SInv}
 74172 | Zig:23   | Identified the +2 helmet of the Four Tales {rPois Int-3
                  | Dex+2 SInv}
 74217 | Zig:24   | Entered Level 24 of a ziggurat
 74249 | Zig:24   | HP: 1/201 [emperor scorpion (20)]
 74249 | Zig:24   | Slain by a moth of wrath (3 damage)
 74259 | Zig:24   | HP: 4/201 [emperor scorpion (7)]
 74260 | Zig:24   | HP: 1/201 [radroach (4)]
 74260 | Zig:24   | Slain by a radroach (1 damage)
 74271 | Zig:24   | Blown up by an orb spider (52 damage)
                  | ... with an orb of destruction
 74547 | Zig:24   | Identified the +8 falchion of Eternal Vigilance {holy,
                  | rPois}
 74550 | Zig:24   | Identified the ring "Unnar" {rC+++ Str+6 Dex-5 SInv Stlth+}
 74571 | Zig:24   | Identified the +1 cloak of Mouqam {Str+5 SInv}
 74574 | Zig:24   | Identified the ring of Rauphome {Fly Will+ Int+7 Dex-3}
 74589 | Zig:25   | Entered Level 25 of a ziggurat
 74626 | Zig:25   | HP: 8/202 [poisoned by a nagaraja (bolt of poison)]
 74626 | Zig:25   | Slain by a nagaraja
                  | ... wielding a +0 spear
                  | (8 damage)
 74642 | Zig:25   | HP: 9/203 [nagaraja/+0 spear (15)]
 74642 | Zig:25   | HP: 4/203 [nagaraja/splash of poison (3)]
 74643 | Zig:25   | Succumbed to a naga ritualist's toxic radiance
 74665 | Zig:25   | HP: 7/203 [poisoned by a naga ritualist (toxic radiance)]
 74665 | Zig:25   | HP: 2/203 [asphyx]
 74665 | Zig:25   | Killed from afar by a naga sharpshooter (2 damage)
                  | ... with a splash of poison
 74953 | Zig:25   | Identified the +9 sling of the Feeding Messenger {speed,
                  | Str+7 Dex-3}
 74961 | Zig:25   | Identified the +5 short sword "Huhigarch" {heavy, rPois}
 74964 | Zig:25   | Identified the staff "Unixac" {SInv Conj}
 74974 | Zig:25   | Reached skill level 10 in Conjurations
 74977 | Zig:25   | Identified the +8 great sword "Yweoduco" {spect, Fly}
 74983 | Zig:25   | Identified the staff of Valiance {rPois rC+++ Int-5 Dex+4
                  | Poison}
 74984 | Zig:25   | Identified the +6 flail "Iciott" {elec, rF++}
 75017 | Zig:25   | Identified the +2 orcbow "Mues Seo" {heavy, rElec rC+
                  | Will-}
 75036 | Zig:26   | Entered Level 26 of a ziggurat
 75044 | Zig:26   | Noticed a royal mummy
 75045 | Zig:26   | Noticed a royal mummy
 75046 | Zig:26   | Noticed a royal mummy
 75047 | Zig:26   | Noticed a royal mummy
 75047 | Zig:26   | Noticed a royal mummy
 75047 | Zig:26   | Noticed a royal mummy
 75048 | Zig:26   | Noticed a royal mummy
 75048 | Zig:26   | Noticed a royal mummy
 75049 | Zig:26   | Noticed a royal mummy
 75050 | Zig:26   | HP: 6/203 [ushabti] (9)]
 75050 | Zig:26   | Killed by divine providence
                  | ... invoked by a royal mummy
                  | (11 damage)
 75053 | Zig:26   | HP: 2/203 [ushabti] (11)]
 75055 | Zig:26   | Engulfed by an ushabti's foul pestilence (11 damage)
 75056 | Zig:26   | Killed a royal mummy
 75056 | Zig:26   | Killed by an exploding emperor scorpion (23 damage)
                  | ... ignited by their inner flame
 75056 | Zig:26   | Killed a royal mummy
 75056 | Zig:26   | Killed a royal mummy
 75056 | Zig:26   | Killed a royal mummy
 75056 | Zig:26   | Killed by an exploding emperor scorpion (36 damage)
                  | ... ignited by their inner flame
 75056 | Zig:26   | Killed a royal mummy
 75056 | Zig:26   | Killed a royal mummy
 75056 | Zig:26   | Killed a royal mummy
 75056 | Zig:26   | Killed a royal mummy
 75056 | Zig:26   | Killed a royal mummy
 75056 | Zig:26   | Engulfed by a cloud of foul pestilence (12 damage)
 75056 | Zig:26   | Noticed a royal mummy
 75056 | Zig:26   | Noticed a royal mummy
 75058 | Zig:26   | Noticed a royal mummy
 75064 | Zig:26   | Noticed a royal mummy
 75066 | Zig:26   | Noticed a royal mummy
 75067 | Zig:26   | HP: 2/202 [cloud of flame (18)]
 75067 | Zig:26   | Killed from afar by an ushabti (2 damage)
                  | ... with a vile air
 75069 | Zig:26   | Killed a royal mummy
 75073 | Zig:26   | Killed a royal mummy
 75083 | Zig:26   | HP: 5/204 [royal mummy/divine providence (10)]
 75087 | Zig:26   | Killed a royal mummy
 75088 | Zig:26   | HP: 4/203 [emperor scorpion[a royal mummy] (1)]
 75088 | Zig:26   | Killed by divine providence
                  | ... invoked by a mummy priest
                  | (12 damage)
 75093 | Zig:26   | Killed a royal mummy
 75098 | Zig:26   | Killed a royal mummy
 75837 | Zig:26   | Identified the +1 shortbow of the Endless March {heavy,
                  | rPois rC+}
 75914 | Zig:26   | Identified the +2 ice dragon scales of Xiadeze {Fly rF-
                  | rC++ MP+9 Dex-5 SInv}
 75930 | Zig:26   | Identified the +7 mace of Wenkodec {heavy, rF+ Int+4}
 75942 | Zig:26   | Identified the +0 chain mail of Iphec {rF+ Will+}
 75951 | Zig:26   | Identified the +11 hand axe of Truth {vamp, rN+ Str+3
                  | Int+3}
 75954 | Zig:26   | Identified the +0 helmet of Elitism {rPois}
 75959 | Zig:26   | Identified the +1 ring mail of the Leaf {Fly}
 76277 | Zig:27   | Identified the of Myrphatre
 76277 | Zig:27   | Entered Level 27 of a ziggurat
 76285 | Zig:27   | Noticed a royal mummy
 76287 | Zig:27   | Noticed a royal mummy
 76291 | Zig:27   | Noticed a royal mummy
 76292 | Zig:27   | Noticed a royal mummy
 76292 | Zig:27   | Noticed a royal mummy
 76294 | Zig:27   | Noticed a royal mummy
 76295 | Zig:27   | Noticed a royal mummy
 76296 | Zig:27   | HP: 9/197 [??? (5)]
 76297 | Zig:27   | Slain by a caustic shrike skeleton (15 damage)
 76297 | Zig:27   | Noticed a royal mummy
 76298 | Zig:27   | Noticed a royal mummy
 76301 | Zig:27   | Killed by divine providence
                  | ... invoked by a royal mummy
                  | (14 damage)
 76305 | Zig:27   | Noticed a royal mummy
 76306 | Zig:27   | Mangled by a death scarab (19 damage)
                  | ... summoned by a royal mummy
 76312 | Zig:27   | Killed by divine providence
                  | ... invoked by a royal mummy
                  | (14 damage)
 76315 | Zig:27   | HP: 7/200 [royal mummy/divine providence (11)]
 76317 | Zig:27   | Killed by divine providence
                  | ... invoked by a royal mummy
                  | (12 damage)
 76320 | Zig:27   | Killed a royal mummy
 76320 | Zig:27   | Killed by a royal mummy's death curse (30 damage)
 76320 | Zig:27   | Killed a royal mummy
 76320 | Zig:27   | Killed a royal mummy
 76320 | Zig:27   | Killed a royal mummy
 76320 | Zig:27   | Killed a royal mummy
 76320 | Zig:27   | Killed a royal mummy
 76320 | Zig:27   | Killed a royal mummy
 76320 | Zig:27   | Noticed a royal mummy
 76321 | Zig:27   | Killed a royal mummy
 76321 | Zig:27   | Killed a royal mummy
 76326 | Zig:27   | HP: 4/198 [bennu (11)]
 76329 | Zig:27   | Noticed a royal mummy
 76331 | Zig:27   | Killed by a mummy priest's death curse (7 damage)
 76336 | Zig:27   | Killed a royal mummy
 76338 | Zig:27   | Killed a royal mummy
 76342 | Zig:27   | HP: 9/205 [royal mummy/divine providence (12)]
 76343 | Zig:27   | Killed by divine providence
                  | ... invoked by a mummy priest
                  | (12 damage)
 76344 | Zig:27   | Killed a royal mummy
 76353 | Zig:27   | HP: 8/205 [ushabti] (9)]
 76361 | Zig:27   | HP: 6/205 [torment (3)]
 76361 | Zig:27   | Slain by a shadow dragon skeleton (5 damage)
                  | ... summoned by a mummy priest
 76367 | Zig:27   | HP: 9/202 [poisoned by an ushabti (dark miasma)]
 76369 | Zig:27   | HP: 3/202 [poisoned by an ushabti (dark miasma)]
 76370 | Zig:27   | Succumbed to an ushabti's dark miasma
 76416 | Zig:27   | Found the +7 staff of the Meek {protect, meekguard}
 76417 | Zig:27   | Found the amulet of the Four Winds {rN+ Will+++ Clar}
 77011 | Zig:27   | Identified the +11 bardiche "Xaiv" {heavy, rPois rCorr
                  | Dex+2}
 77181 | Zig:27   | Identified the +4 ring mail "Ibrea" {rC- Int+5}
 77198 | Zig:27   | Identified the +6 battleaxe of the Flying Hummingbird
                  | {spect, rElec}
 77210 | Zig:27   | Identified the +6 shortbow "Rufewishod" {antimagic, Drain
                  | rPois Str+9 Int-4}
 77592 | Hell     | Entered the Vestibule of Hell
 77592 | Hell     | Noticed Geryon
 77644 | Hell     | HP: 7/205 [reaper/+0 scythe of distortion (21)]
 77645 | Hell     | HP: 3/205 [hell beast[Geryon] (4)]
 77646 | Hell     | Slain by a hell beast (6 damage)
                  | ... summoned by Geryon
 77660 | Hell     | Killed Geryon
 77854 | Hell     | Found a gateway to the decaying netherworld of Tartarus.
 78340 | Hell     | Found a gateway to the ashen valley of Gehenna.
 78444 | Hell     | Reached skill level 27 in Shields
 78571 | Hell     | Found a gateway to the Iron City of Dis.
 78616 | Hell     | Found a gateway to the freezing wastes of Cocytus.
 78757 | Coc:1    | Entered Level 1 of Cocytus
 79609 | Coc:3    | HP: 10/202 [wendigo/stunning burst (7)]
 79615 | Coc:3    | HP: 3/203 [wendigo/stunning burst (10)]
 79625 | Coc:3    | HP: 3/206 [drowned by a water elemental[an elemental
                  | wellspring] (5)]
 79628 | Coc:3    | Killed from afar by an elemental wellspring (28 damage)
                  | ... with a torrent of water
 80050 | Coc:4    | Noticed a shard shrike
 80050 | Coc:4    | Noticed a shard shrike
 80059 | Coc:4    | Killed a shard shrike
 80062 | Coc:4    | Killed a shard shrike
 80067 | Coc:4    | Noticed a shard shrike
 80069 | Coc:4    | Noticed a shard shrike
 80069 | Coc:4    | Noticed a shard shrike
 80070 | Coc:4    | Noticed a shard shrike
 80082 | Coc:4    | HP: 6/190 [shard shrike (7)]
 80082 | Coc:4    | Slain by a shard shrike (6 damage)
 80083 | Coc:4    | Killed a shard shrike
 80084 | Coc:4    | Killed a shard shrike
 80096 | Coc:4    | Killed a shard shrike
 80098 | Coc:4    | Killed a shard shrike
 80101 | Coc:4    | HP: 10/207 [elemental wellspring/torrent of water (36)]
 80107 | Coc:4    | Killed from afar by an elemental wellspring (19 damage)
                  | ... with a torrent of water
 81016 | Coc:6    | Noticed a shard shrike
 81016 | Coc:6    | Noticed a shard shrike
 81016 | Coc:6    | Noticed a shard shrike
 81016 | Coc:6    | Noticed a shard shrike
 81021 | Coc:6    | Killed a shard shrike
 81022 | Coc:6    | Reached skill level 15 in Spellcasting
 81022 | Coc:6    | Killed a shard shrike
 81022 | Coc:6    | Killed a shard shrike
 81025 | Coc:6    | HP: 10/207 [??? (5)]
 81025 | Coc:6    | HP: 3/207 [elemental wellspring/torrent of water (7)]
 81026 | Coc:6    | Killed from afar by a shard shrike (9 damage)
                  | ... with a shard of ice
 81028 | Coc:6    | Killed a shard shrike
 81035 | Coc:6    | Killed from afar by an elemental wellspring (33 damage)
                  | ... with a torrent of water
 81044 | Coc:6    | HP: 8/207 [??? (3)]
 81045 | Coc:6    | Killed from afar by a hellion (32 damage)
                  | ... with damnation
 81050 | Coc:6    | HP: 8/207 [hellion/damnation (13)]
 81054 | Coc:6    | Killed from afar by a hellion (23 damage)
                  | ... with damnation
 81058 | Coc:6    | HP: 7/207 [drowned by a water elemental[an elemental
                  | wellspring] (5)]
 81059 | Coc:6    | Drowned by a water elemental (6 damage)
                  | ... summoned by an elemental wellspring
 81074 | Coc:6    | HP: 8/207 [??? (4)]
 81080 | Coc:6    | HP: 6/207 [??? (3)]
 81081 | Coc:6    | Killed from afar by an elemental wellspring (14 damage)
                  | ... with a torrent of water
 81616 | Coc:7    | Entered Level 7 of Cocytus
 81619 | Coc:7    | Noticed a dread lich
 81622 | Coc:7    | Reached skill level 10 in Air Magic
 81631 | Coc:7    | Killed a dread lich
 82009 | Coc:7    | Noticed a shard shrike
 82024 | Coc:7    | Killed a shard shrike
 82475 | Coc:7    | Noticed a shard shrike
 82477 | Coc:7    | Killed a shard shrike
 82483 | Coc:7    | HP: 9/207 [??? (4)]
 82485 | Coc:7    | Killed from afar by an elemental wellspring (15 damage)
                  | ... with a torrent of water
 82494 | Coc:7    | HP: 8/207 [??? (4)]
 82494 | Coc:7    | HP: 3/207 [Ice Fiend (5)]
 82494 | Coc:7    | Slain by an Ice Fiend (4 damage)
 82502 | Coc:7    | HP: 4/207 [elemental wellspring/torrent of water (16)]
 82506 | Coc:7    | Killed from afar by an elemental wellspring (15 damage)
                  | ... with a torrent of water
 82527 | Coc:7    | Killed from afar by a hellion (31 damage)
                  | ... with damnation
 82531 | Coc:7    | Noticed a shard shrike
 82535 | Coc:7    | Noticed the Serpent of Hell
 82537 | Coc:7    | Killed from afar by a hellion (36 damage)
                  | ... with damnation
 82541 | Coc:7    | Killed a shard shrike
 82546 | Coc:7    | Killed the Serpent of Hell
 82554 | Coc:7    | HP: 10/207 [Ice Fiend/bolt of cold (3)]
 82560 | Coc:7    | Killed from afar by a hellion (33 damage)
                  | ... with damnation
 82670 | Coc:7    | Noticed a shard shrike
 82677 | Coc:7    | Killed a shard shrike
 82678 | Coc:7    | Noticed a shard shrike
 82680 | Coc:7    | Noticed a shard shrike
 82682 | Coc:7    | Killed a shard shrike
 82685 | Coc:7    | Killed a shard shrike
 82696 | Coc:7    | Killed by the air
                  | ... invoked by a titan
                  | (23 damage)
 82696 | Coc:7    | Noticed Antaeus
 82700 | Coc:7    | Killed by the air
                  | ... invoked by a titan
                  | (35 damage)
 82709 | Coc:7    | HP: 3/207 [titan/the air (18)]
 82711 | Coc:7    | Killed by the air
                  | ... invoked by a titan
                  | (11 damage)
 82718 | Coc:7    | Killed from afar by Antaeus (27 damage)
                  | ... with an icy flash freeze
 82723 | Coc:7    | Killed Antaeus
 82795 | Coc:7    | Noticed an ancient lich
 82838 | Coc:7    | Killed from afar by an ancient lich (88 damage)
                  | ... with a crystal spear
 82839 | Coc:7    | Killed an ancient lich
 83249 | Coc:7    | Noticed a shard shrike
 83249 | Coc:7    | Noticed a shard shrike
 83249 | Coc:7    | Noticed a shard shrike
 83252 | Coc:7    | Killed a shard shrike
 83258 | Coc:7    | Killed a shard shrike
 83259 | Coc:7    | Killed a shard shrike
 83306 | Coc:7    | Noticed a shard shrike
 83315 | Coc:7    | Killed a shard shrike
 84008 | Coc:7    | Identified the +7 sling "Meirch" {flame, rN+ Dex+2}
 84013 | Coc:7    | Got an icy rune of Zot
 84100 | Coc:7    | Identified the +7 mace "Guestrumo" {heavy, Fragile rPois
                  | Int+6}
 84138 | Coc:7    | Identified the ring "Zevooq" {rElec Str+3 Dex+6 Stlth-}
 84363 | Dis:1    | Entered Level 1 of the Iron City of Dis
 84873 | Pan      | Entered Pandemonium
 85177 | Pan      | HP: 10/207 [??? (5)]
 86288 | Pan      | Noticed Adackex the pandemonium lord
 86295 | Pan      | Gained mutation: You are weak. (Str -2) [a cacodemon]
 86308 | Pan      | Killed Adackex the pandemonium lord
 86396 | Pan      | Identified the ring "Jitoeseo" {rPois rC- Int+4 Dex+6}
 87295 | Pan      | HP: 6/212 [smoke demon/divine providence (17)]
 87296 | Pan      | Incinerated by a smoke demon (6 damage)
                  | ... with a sticky flame
 87459 | Pan      | Noticed Sixtodon the pandemonium lord
 87478 | Pan      | HP: 7/195 [balrug/+0 glaive (25)]
 87478 | Pan      | Mangled by Sixtodon the pandemonium lord (15 damage)
 87481 | Pan      | Killed Sixtodon the pandemonium lord
 87514 | Pan      | HP: 9/208 [hellion/damnation (25)]
 87516 | Pan      | Annihilated by a demonspawn corrupter
                  | ... wielding a +1 demon trident of pain
                  | (35 damage)
 87542 | Pan      | Killed from afar by a ynoxinul (42 damage)
                  | ... with an iron shot
 87941 | Pan      | Got a demonic rune of Zot
 88490 | Pan      | Identified the "Ugell"
 88613 | Pan      | Noticed Voloi the pandemonium lord
 88619 | Pan      | Killed Voloi the pandemonium lord
 88645 | Pan      | Reached skill level 15 in Dodging
 89010 | Pan      | HP: 8/214 [??? (3)]
 89011 | Pan      | Killed from afar by a Tzitzimitl (16 damage)
                  | ... with a bolt of negative energy
 89140 | Pan      | Identified the ring of Exietis {Wiz rElec Will+ MP+9 Dex+3}
 89769 | Pan      | Acquired 904 gold pieces
 89823 | Pan      | Identified the +5 scale mail of Dogma {rPois rF++}
 90570 | Pan      | Noticed Cajakhlao the pandemonium lord
 90584 | Pan      | Killed Cajakhlao the pandemonium lord
 91278 | Pan      | Noticed Bathytt the pandemonium lord
 91295 | Pan      | HP: 9/216 [Bathytt the pandemonium lord (17)]
 91297 | Pan      | Killed Bathytt the pandemonium lord
 91301 | Pan      | HP: 8/216 [??? (3)]
 91307 | Pan      | HP: 9/216 [Ice Fiend (2)]
 91336 | Pan      | HP: 6/210 [Tzitzimitl/bolt of negative energy (15)]
 91338 | Pan      | Mangled by a Tzitzimitl (12 damage)
 91345 | Pan      | Reached skill level 15 in Hexes
 91791 | Pan      | Gained mutation: Armour fits poorly on your strangely
                  | shaped body. [a neqoxec]
 91792 | Pan      | Gained mutation: You have hidden genetic defects. [a
                  | neqoxec]
 91997 | Pan      | Found an exit through the horrors of the Abyss.
 92496 | Pan      | Found a transporter.
 92515 | Pan      | Found an exit through the horrors of the Abyss.
 92570 | Pan      | Reached skill level 1 in Earth Magic
 92641 | Pan      | Found a transporter.
 92726 | Pan      | Found an exit through the horrors of the Abyss.
 92902 | Pan      | Gained mutation: You have terrible hidden genetic defects.
                  | [hidden defects]
 92935 | Pan      | HP: 4/216 [smoke demon/divine providence (11)]
 92938 | Pan      | Slain by an Ice Fiend (7 damage)
 92955 | Pan      | Reached skill level 5 in Earth Magic
 93793 | Pan      | Gained mutation: You occasionally lose the ability to drink
                  | potions when taking damage. [hidden defects]
 93793 | Pan      | Lost mutation: You have terrible hidden genetic defects.
                  | [hidden defects expressed]
 94516 | Pan      | Noticed Edoiqim the pandemonium lord
 94525 | Pan      | Killed Edoiqim the pandemonium lord
 96134 | Pan      | Gained mutation: You are very dopey. (Int -4) [hidden
                  | defects]
 96146 | Pan      | Learned a level 9 spell: Fire Storm
 96155 | Pan      | Learned a level 8 spell: Maxwell's Capacitive Coupling
 96190 | Pan      | Noticed Misecs the pandemonium lord
 96204 | Pan      | Killed Misecs the pandemonium lord
 96247 | Pan      | HP: 4/216 [spore (35)]
 96247 | Pan      | Engulfed by a cloud of flame (11 damage)
 96751 | Pan      | Found an exit through the horrors of the Abyss.
 97546 | Pan      | Identified the +0 helmet of the Black Skies {rF+}
 97563 | Pan      | Reached skill level 1 in Long Blades
 97606 | Pan      | Reached skill level 1 in Maces & Flails
 97638 | Pan      | Gained mutation: Your body sometimes deteriorates upon
                  | taking damage. [hidden defects]
 97638 | Pan      | Lost mutation: You have hidden genetic defects. [hidden
                  | defects expressed]
 98362 | Pan      | Noticed Lihaox the pandemonium lord
 98376 | Pan      | Killed Lihaox the pandemonium lord
 99373 | Pan      | Gained mutation: Your magical capacity is low. (-10% MP) [a
                  | cacodemon]
 99374 | Pan      | Gained mutation: You have hidden genetic defects. [a
                  | cacodemon]
 99584 | Pan      | Entered the realm of Lom Lobon.
 99584 | Pan      | Noticed Lom Lobon
 99606 | Pan      | HP: 6/217 [spore (7)]
 99606 | Pan      | Killed by an exploding ball lightning (14 damage)
 99626 | Pan      | HP: 8/217 [spore (9)]
 99627 | Pan      | Killed by an exploding ball lightning (9 damage)
 99655 | Pan      | HP: 2/217 [Lom Lobon/great icy blast (39)]
 99656 | Pan      | Killed from afar by Lom Lobon (17 damage)
                  | ... with a vortex
 99671 | Pan      | HP: 8/217 [Lom Lobon] (5)]
 99673 | Pan      | Killed by an exploding ball lightning (11 damage)
                  | ... set off by themself
 99704 | Pan      | HP: 3/217 [Lom Lobon/vortex (13)]
 99704 | Pan      | Killed from afar by Lom Lobon (38 damage)
                  | ... with a great icy blast
 99722 | Pan      | HP: 10/217 [spore (10)]
 99723 | Pan      | Killed by an exploding ball lightning (11 damage)
                  | ... set off by themself
 99741 | Pan      | HP: 10/217 [Lom Lobon/great icy blast (37)]
 99744 | Pan      | HP: 4/217 [Lom Lobon] (4)]
 99744 | Pan      | Killed from afar by Lom Lobon (32 damage)
                  | ... with a great icy blast
 99773 | Pan      | HP: 9/217 [Lom Lobon/vortex (18)]
 99774 | Pan      | Killed from afar by Lom Lobon (10 damage)
                  | ... with a vortex
 99793 | Pan      | Killed Lom Lobon
100323 | Pan      | Got a magical rune of Zot
100467 | Pan      | Reached skill level 15 in Evocations
101015 | Pan      | Found an exit through the horrors of the Abyss.
101154 | Pan      | Gained mutation: You are very weak. (Str -4) [hidden
                  | defects]
101577 | Pan      | Found an exit through the horrors of the Abyss.
101803 | Pan      | Noticed Douxt the pandemonium lord
101814 | Pan      | Killed Douxt the pandemonium lord
102517 | Pan      | Gained mutation: You sometimes lose the ability to drink
                  | potions when taking damage. [hidden defects]
102517 | Pan      | Lost mutation: You have hidden genetic defects. [hidden
                  | defects expressed]
102729 | Pan      | Gained mutation: Your body often deteriorates upon taking
                  | damage. [a cacodemon]
103003 | Pan      | Identified the +3 arbalest "Earthworm" {speed, Str-2 Int+3
                  | Dex+9}
103181 | Pan      | Identified the +0 robe of Osubeci Xor {Drain rF+ Str+2
                  | Slay+2}
103193 | Pan      | Noticed a seraph
103206 | Pan      | Killed a seraph
103217 | Pan      | Found a glowing golden altar of the Shining One.
103217 | Pan      | Identified the +2 ring mail "Samad" {rElec Int+3}
104700 | Pan      | Found a glowing silver altar of Zin.
105720 | Pan      | Reached skill level 10 in Earth Magic
106247 | Pan      | Found a white marble altar of Elyvilon.
107540 | Pan      | Reached skill level 5 in Long Blades
107990 | Pan      | Entered the realm of Gloorx Vloq.
108803 | Pan      | Reached skill level 5 in Maces & Flails
109034 | Pan      | Noticed Gloorx Vloq
109046 | Pan      | HP: 6/219 [Gloorx Vloq] (7)]
109046 | Pan      | HP: 2/219 [Executioner[Gloorx Vloq] (5)]
109046 | Pan      | Slain by an Executioner (2 damage)
                  | ... summoned by Gloorx Vloq
109054 | Pan      | HP: 9/219 [Executioner[Gloorx Vloq] (6)]
109055 | Pan      | HP: 4/219 [Executioner[Gloorx Vloq] (1)]
109055 | Pan      | HP: 1/219 [Executioner[Gloorx Vloq] (1)]
109056 | Pan      | Killed Gloorx Vloq
109057 | Pan      | Engulfed by a cloud of foul pestilence (7 damage)
109141 | Pan      | Got a dark rune of Zot
110062 | Pan      | Found an exit through the horrors of the Abyss.
110088 | Pan      | Gained mutation: You are clumsy. (Dex -2) [a cacodemon]
110383 | Pan      | Noticed Uczod the pandemonium lord
110400 | Pan      | Killed from afar by Uczod the pandemonium lord (59 damage)
                  | ... with a bolt of dispelling energy
110405 | Pan      | Killed Uczod the pandemonium lord
110825 | Pan      | Identified the +0 leather armour "Gosudghub" {rElec rC++
                  | Int-4}
110983 | Depths:3 | Escaped Pandemonium
111023 | Zot:1    | Entered Level 1 of the Realm of Zot
111498 | Elf:1    | Entered Level 1 of the Elven Halls
112758 | Elf:2    | Found a runed translucent gate.
112759 | Elf:2    | Found a runed translucent gate.
112759 | Elf:2    | Found a runed translucent gate.
113527 | Elf:3    | Entered Level 3 of the Elven Halls
114321 | Elf:3    | Gained mutation: You have hidden genetic defects. [a
                  | neqoxec]
114334 | Elf:3    | Identified the +12 short sword "Wuipygur" {speed, *Corrode
                  | rF+ Int+2}
114585 | Elf:3    | Identified the ring "Qirec" {MP+9 Str+6 Dex+3}
114593 | Elf:3    | Identified the +4 quarterstaff of the Doomed Warrior
                  | {venom, Str+3 Stlth+}
114624 | Elf:3    | Identified the +0 plate armour "Gecibb" {rElec}
114629 | Elf:3    | Identified the amulet "Maesaoguru" {Spirit Int+4}
114773 | Elf:3    | Identified the +12 halberd of Beihi {freeze, Fragile Will+
                  | rCorr Dex+4}
114777 | Elf:3    | Identified the staff of Dull Cruel Justice {rElec rF+ Dex-3
                  | Stlth+ Conj}
114782 | Elf:3    | Identified the staff of Courage {rPois Str+3 Int+3 SInv
                  | Poison}
115337 | Zot:1    | Gained mutation: You have terrible hidden genetic defects.
                  | [hidden defects]
115785 | Zot:1    | Found a transporter.
115802 | Zot:1    | Found a transporter.
116845 | Zot:2    | Identified the +5 ring mail "Pamn" {Harm}
116948 | Zot:2    | Noticed an orb of fire
116955 | Zot:2    | Killed an orb of fire
116977 | Zot:2    | Gained mutation: Your magical capacity is very low. (-20%
                  | MP) [hidden defects]
116977 | Zot:2    | Lost mutation: You have terrible hidden genetic defects.
                  | [hidden defects expressed]
117180 | Zot:2    | Identified the +3 scale mail of Winter {-Tele rPois Int+3
                  | Dex+2}
118060 | Zot:3    | Identified the +5 dagger "Soclebask" {freeze, Fly rC- Will-
                  | Dex+8}
118111 | Zot:3    | Gained mutation: Your magical capacity is extremely low.
                  | (-30% MP) [hidden defects]
118606 | Zot:4    | Found a runed translucent gate.
118607 | Zot:4    | Found a runed translucent gate.
118607 | Zot:4    | Found a runed translucent gate.
118608 | Zot:4    | Noticed an orb of fire
118609 | Zot:4    | Noticed Zeaxzic Paph's ghost (veteran OgBe)
118613 | Zot:4    | Gained mutation: You do not regenerate when monsters are
                  | visible. [an orb of fire]
118614 | Zot:4    | Gained mutation: You are very frail. (-20% HP) [an orb of
                  | fire]
118615 | Zot:4    | Killed an orb of fire
118649 | Zot:4    | Identified the +4 ring mail "Cokk" {rF+ Slay+2}
118802 | Zot:4    | Killed Zeaxzic Paph's ghost
119341 | Zot:4    | Gained mutation: You are very clumsy. (Dex -4) [hidden
                  | defects]
119341 | Zot:4    | Lost mutation: You have hidden genetic defects. [hidden
                  | defects expressed]
120058 | Zot:5    | Entered Level 5 of the Realm of Zot
120285 | Zot:5    | Noticed a Killer Klown
120303 | Zot:5    | Noticed an orb of fire
120307 | Zot:5    | Killed a Killer Klown
120314 | Zot:5    | Killed an orb of fire
120316 | Zot:5    | Noticed an ancient lich
120322 | Zot:5    | Noticed an ancient lich
120333 | Zot:5    | Killed an ancient lich
120338 | Zot:5    | Killed an ancient lich
120339 | Zot:5    | Reached skill level 15 in Conjurations
120351 | Zot:5    | HP: 3/196 [storm dragon/bolt of lightning (9)]
120353 | Zot:5    | Killed from afar by a storm dragon (8 damage)
                  | ... with a bolt of lightning
120363 | Zot:5    | Reached skill level 27 in Axes
120463 | Zot:5    | Noticed an orb of fire
120464 | Zot:5    | Noticed a Killer Klown
120472 | Zot:5    | Gained mutation: You occasionally shout uncontrollably at
                  | your foes. [an orb of fire]
120475 | Zot:5    | Killed an orb of fire
120482 | Zot:5    | Killed a Killer Klown
121030 | Zot:5    | Noticed an orb of fire
121030 | Zot:5    | Noticed an orb of fire
121035 | Zot:5    | Gained mutation: You are extremely frail. (-30% HP) [an orb
                  | of fire]
121039 | Zot:5    | Killed an orb of fire
121042 | Zot:5    | Noticed an orb of fire
121043 | Zot:5    | Noticed a Killer Klown
121050 | Zot:5    | Gained mutation: Your spells are a little easier to cast,
                  | but a little less powerful. [an orb of fire]
121051 | Zot:5    | Gained mutation: You occasionally lose the ability to read
                  | scrolls when taking damage. [an orb of fire]
121052 | Zot:5    | Killed an orb of fire
121055 | Zot:5    | Killed an orb of fire
121058 | Zot:5    | Killed a Killer Klown
121329 | Zot:5    | Identified the +2 ring mail of Sunlight {rF++ MP+9 Dex+3}
121373 | Zot:5    | Slain by a yellow draconian
                  | ... wielding a +0 hand axe
                  | ... led by a white draconian stormcaller
                  | (9 damage)
121709 | Zot:5    | Got the Orb of Zot
121789 | Zot:5    | Noticed Woskouf the pandemonium lord
121797 | Zot:5    | Killed Woskouf the pandemonium lord
121878 | Zot:5    | Noticed Abemo the pandemonium lord
121885 | Zot:5    | Killed Abemo the pandemonium lord
121888 | Zot:5    | Killed from afar by a Hell Sentinel (30 damage)
                  | ... with damnation
                  | ... led by Abemo
121918 | Zot:5    | Noticed Suipour the pandemonium lord
121921 | Zot:5    | HP: 6/172 [Ice Fiend/bolt of cold (5)]
121921 | Zot:5    | Mangled by Suipour the pandemonium lord (13 damage)
121956 | Zot:5    | Killed Suipour the pandemonium lord
122005 | Zot:5    | Slain by a moth of wrath (12 damage)
122017 | Zot:4    | Gained mutation: You frequently scream uncontrollably at
                  | your foes. [a cacodemon]
122018 | Zot:4    | Gained mutation: Potions are less effective at restoring
                  | your health. [a cacodemon]
122209 | Zot:1    | Gained mutation: Your spells are easier to cast, but less
                  | powerful. [a cacodemon]
122213 | Zot:1    | HP: 6/168 [poisoned by an orange demon]
122214 | Zot:1    | HP: 1/168 [poisoned by an orange demon]
122214 | Zot:1    | Slain by a Hell Sentinel (4 damage)
122312 | Depths:2 | Noticed an ancient lich
122312 | Depths:2 | Noticed Viapyfi the pandemonium lord
122339 | Depths:2 | Killed an ancient lich
122378 | Depths:2 | Killed Viapyfi the pandemonium lord
122757 | D:8      | Noticed a seraph
122770 | D:8      | HP: 5/172 [cherub/+3 falchion of flaming[a seraph] (4)]
122772 | D:8      | HP: 1/172 [angel/+1 whip of holy wrath[a seraph] (4)]
122772 | D:8      | Killed by divine providence
                  | ... invoked by a daeva
                  | ... summoned by a seraph
                  | (10 damage)
122775 | D:8      | Noticed Etoestre the pandemonium lord
122775 | D:8      | Killed a seraph
122779 | D:8      | Killed Etoestre the pandemonium lord
123033 | D:7      | Noticed Xur Nethru the pandemonium lord
123040 | D:7      | Mangled by Xur Nethru the pandemonium lord (24 damage)
123047 | D:7      | Killed Xur Nethru the pandemonium lord
123105 | D:7      | HP: 6/172 [Ice Fiend/bolt of cold (5)]
123107 | D:7      | Killed by divine providence
                  | ... invoked by a balrug
                  | (11 damage)
123189 | D:4      | Noticed Nyahufat the pandemonium lord
123292 | D:1      | HP: 7/172 [balrug/bolt of fire (36)]
123313 | D:1      | HP: 1/172 [hell hound/blast of flame (12)]
123316 | D:1      | Killed from afar by a hell hound (13 damage)
                  | ... with a blast of flame
123344 | D:$      | Escaped with the Orb!

Illustrated notes

Levels and vault maps discovered:
D:1:      dpeg_arrival_signposts, layout_loops_cross,
          shapermc_ecumenical_altar_hornbeckon, serial_shops,
          nicolae_shop_crystal
D:2:      layout_loops_ring, grunt_ministairs_5, minmay_misc_feat_secret_circle,
          nicolae_concentric_dashed_squares_wild
D:3:      layout_loops_ring, serial_shops, shop, shop,
          kennysheep_generic_room_14, uniq_robin, uniq_jessica
D:4:      layout_basic, uniq_pikel
D:5:      layout_rooms, serial_shops, nicolae_shop_real_fake_doors,
          skrybe_limestone_x, minmay_holes, uniq_blork_the_orc
D:6:      cheibrodos_iron_armory, layout_basic,
          grunt_dithmenos_smoke_and_mirrors, minmay_temple_entry_glassed_door,
          gup_ossuary_entry_pyramid, uniq_prince_ribbit1, uniq_sigmund
D:7:      layout_cave_pods
D:8:      minmay_angry_zag, layout_loops_corners
D:9:      layout_grid_maze, mainiacjoe_overflow_boulevard, david_orc_3,
          serial_shops, nicolae_shop_peninsula
D:10:     layout_basic, kennysheep_generic_room_11, uniq_psyche, uniq_erica
D:11:     layout_long_grid, due_lair_maze_entry_diamond, serial_undead,
          serial_undead_d, serial_undead_c, serial_undead_e, serial_undead_b
D:12:     layout_cave_pools, minivault_28
D:13:     layout_loops_ring, lightli_vaults_fourway_checkpoint, eino_jars
D:14:     layout_cave_pools, minmay_staircase_statues
D:15:     hangedman_depths_entry_civil_slaughter, layout_grid_maze,
          serial_rivers, chequers_serial_rivers_small_b,
          chequers_serial_rivers_micro_c, chequers_serial_rivers_room_b,
          chequers_serial_rivers_micro_d, chequers_serial_rivers_room_b,
          fiery_altar_vehumet
Temple:   mainiacjoe_temple_cubbyholes
Lair:1:   layout_cave_pods, basic_altar, infiniplex_staircase_pool,
          grunt_megastairs_3
Lair:2:   layout_gridlike, minmay_shoals_entry_lonely_mermaid,
          minmay_snake_entry_guardpost_large, minivault_26, grunt_megastairs_1
Lair:3:   minmay_lair_oklob_chamber, layout_cave_pods,
          infiniplex_staircase_pool_2, uniq_amaemon
Lair:4:   layout_regular_city, slime_entry_1, portal_ice_cave_entry_imps
Lair:5:   hellmonk_lair_end_abyssal_woods, layout_cave_shapes,
          dreamdust_mushroom_princess, chequers_serial_rivers_small_b,
          roderic_batcave, pdpol_lair_neglected_garden
Shoals:1: layout_shoals, nicolae_shoals_beach_house_on_fowls_legs
Shoals:2: layout_shoals, nicolae_shoals_stone_sculpture_thing
Shoals:3: layout_shoals, nicolae_shoals_so_close, uniq_roxanne, uniq_kirke,
          uniq_ilsuiw
Shoals:4: shoals_end_hellmonk_lost_city, serial_shops, uniq_polyphemus
Snake:1:  layout_gridlike, ebering_ghost_disaster_area, special_room,
          grunt_megastairs_5
Snake:2:  layout_cave_pods, hellmonk_ghost_happy_afterlife,
          nicolae_snake_dead_anacondas, uniq_aizul, uniq_vashnia
Snake:3:  layout_gridlike, nicolae_snake_lava_pool, lemuel_fruit_tree,
          serial_bayou_shore_b, minmay_shop_grove
Snake:4:  johnstein_snake_rune_scales, layout_cave_shapes,
          hangedman_snake_corridor_split, serial_bayou_shore_a
Orc:1:    layout_caves
Orc:2:    st_orc_pillars, layout_caves, serial_shops, shop
Elf:1:    layout_gridlike, minmay_elf_sorcery, grunt_megastairs_4
Elf:2:    nicolae_elf_blades_crystal_corner, layout_geoelf_octagon,
          nicolae_twisting_strands
Elf:3:    elf_hall_gauntlet_wide, layout_geoelf_grid, minivault_4,
          nrook_mini_backslash, minivault_19
Vaults:1: st_greater_box_3, nicolae_vaults_trapezoid_lopsided_1,
          nicolae_vaults_sealed_display,
          nicolae_vaults_taking_the_gang_shopping, nicolae_vaults_tetromino_T_1,
          layout_vaults_omnibox, serial_shops, shop, uniq_donald
Vaults:2: vaults_dpeg_encased_lava, nicolae_vaults_turnstiles, v_misc_9,
          blue_anna_dwarven_crypt, vaults_mumra_hexcomb,
          nicolae_vaults_little_squares_5, v_misc_30, vaults_dpeg_spiral,
          hangedman_vaults_impose, v_misc_29, nicolae_vaults_asterisk,
          vaults_dpeg_emergency_exit, nicolae_vaults_crenellated_ambush,
          nicolae_vaults_little_squares_2, layout_vaults_chaotic_city
Vaults:3: gammafunk_ghost_grave, v_rooms_2, ontoclasm_vaults_decontamination,
          nicolae_vaults_sightless_eye, v_misc_11, nicolae_vaults_quartermaster,
          layout_vaults_omnigrid, uniq_margery, uniq_sojobo, uniq_asterion
Vaults:4: serial_ice_b, hangedman_vaults_unwind, hangedman_vaults_slice,
          v_rooms_5, v_misc_13, hangedman_vaults_stitches,
          nicolae_vaults_closet_pinwheel_1, nicolae_vaults_house_2,
          nicolae_vaults_more_shelving_2, nicolae_vaults_storing_the_good_stuff,
          nicolae_vaults_tangram_1, v_misc_13, layout_vaults_big_cross
Vaults:5
Crypt:1:  layout_catacombs, basic_altar, grunt_crypt_arrival_webbed,
          uniq_josephina
Crypt:2:  layout_regular_city
Crypt:3:  lightli_unholy_cathedral, layout_chaotic_city,
          nicolae_tomb_entry_rubble_hallway, roadster_capsule_ark_zombie
Depths:1: layout_long_grid, zin_angel, hell_entry, special_room
          [special_room_mythical_zoo], worldfamousw_hep_ancestral_shrine,
          nicolae_triple_integral, serial_bayou_shore_b
Depths:2: hangedman_cross_veins, layout_gridlike, minmay_misc_feat_room,
          grunt_hell_entry_dis_mu, grunt_pan_entry_zigzag
Depths:3: kennysheep_snake, layout_twisted_cross, minmay_room_of_horrors,
          hell_entry, minmay_misc_feat_rugged, rand_demon_pan_entry_3,
          minmay_staircase_statues_hall_small, uniq_jory, uniq_parghit,
          uniq_xtahua
Depths:4: grunt_x_marks_the_spot, layout_gridlike, enter_ziggurat_c,
          serial_shops, shop, hell_entry, serial_sigils,
          serial_sigils_hangedman_stare, serial_sigils_hangedman_etch,
          serial_sigils_hangedman_confine, serial_sigils_hangedman_quiver,
          serial_sigils_hangedman_gut, serial_sigils_hangedman_gnaw,
          nicolae_ru_path_of_blood
Hell
Dis:1:    layout_overlapping_boxes
Coc:1:    layout_cocytus_water_paths
Coc:2:    layout_cocytus_water_paths
Coc:3:    layout_ice_bergs
Coc:4:    layout_cocytus_water_paths
Coc:5:    layout_cocytus_water_paths
Coc:6:    layout_ice_bergs, nicolae_hells_hurtin_island
Coc:7:    coc_grunt_cove [coc_grunt_cove_antaeus, coc_grunt_cove_fiend,
          coc_grunt_cove_fiend, coc_grunt_cove_fiend, coc_grunt_cove_fiend]
Zot:1:    gammafunk_sealed_arena, layout_basic
Zot:2:    layout_onion_interference, grunt_ministairs_15, st_stairs_3
Zot:3:    layout_cathedral_of_symmetry
Zot:4:    layout_gridlike, ebering_ghost_rock_garden
Zot:5:    layout_twisted_circle

Skill      XL: |  1  2  3  4  5  6  7  8  9 10 11 12 13 14 15 16 17 18 19 20 21 22 23 24 25 26 27 |
---------------+----------------------------------------------------------------------------------+-----
Axes           | 3 4 5 6 8 9 10 11 13 14 15 16 17 18 19 20 27 | 27.0
Stealth        | 1 2 3 5 6 7 8 9 10 11 12 13 14 15 22 | 22.5
Armour         | 4 5 6 7 8 9 11 12 13 14 15 16 22 | 22.6
Fighting       | 4 5 6 7 8 9 10 11 12 13 14 15 16 26 | 26.8
Dodging        | 1 2 3 4 5 6 7 8 9 10 11 16 | 16.9
Shields        | 5 6 7 8 9 10 12 13 14 15 16 17 18 19 20 27 | 27.0
Staves         | 3 4 5 8 9 10 11 12 13 19 | 19.0
Polearms       | 1 3 4 5 6 7 8 9 10 11 12 20 | 20.2
Evocations     | 1 3 4 5 6 7 8 9 16 | 16.8
Spellcasting   | 1 3 4 5 6 7 8 9 18 | 18.4
Hexes          | 2 4 5 6 7 8 9 17 | 17.4
Conjurations   | 1 3 4 5 6 7 15 | 15.4
Air Magic      | 1 2 3 4 5 6 12 | 12.6
Fire Magic     | 2 3 4 5 6 7 14 | 14.8
Shapeshifting  | 1 2 3 4 5 6 7 12 | 12.7
Earth Magic    | 12 | 12.6
Long Blades    | 9 |  9.2
Maces & Flails | 8 |  8.9

Action                     |  1- 3 |  4- 6 |  7- 9 | 10-12 | 13-15 | 16-18 | 19-21 | 22-24 | 25-27 || total
---------------------------+-------+-------+-------+-------+-------+-------+-------+-------+-------++-------
  Melee: War axe           |    84 |   175 |   224 |   354 |   119 |       |       |       |       ||   956
         Lajatang          |       |       |       |   183 |   228 |    61 |       |       |       ||   472
         Battleaxe         |       |       |       |       |   603 |  1007 |  1387 |  1215 |  5070 ||  9282
         Eudemon blade     |       |       |       |       |       |       |       |       |   133 ||   133
         Sacred scourge    |       |       |       |       |       |       |       |       |    78 ||    78
 Invoke: Call Merchant     |       |       |       |       |       |       |       |       |     1 ||     1
Ability: Dig               |       |       |       |     2 |       |     1 |       |       |    17 ||    20
  Evoke: Wand              |       |       |       |       |       |       |     1 |       |       ||     1
    Use: Scroll            |       |     5 |       |     6 |     7 |     9 |     6 |       |    55 ||    88
         Potion            |       |       |       |       |       |       |       |       |    10 ||    10
   Stab: Distracted        |       |       |       |     2 |     7 |    13 |    20 |    18 |   115 ||   175
         Petrifying        |       |       |       |       |       |     2 |       |       |       ||     2
         Petrified         |       |       |       |       |       |     2 |       |       |       ||     2
         Sleeping          |       |       |       |       |       |       |       |       |    12 ||    12
         Held in net/web   |       |       |       |       |       |       |       |       |     1 ||     1
 Armour: Scale mail        |    56 |   133 |       |       |       |       |       |       |       ||   189
         Chain mail        |       |    13 |   231 |   296 |       |       |       |       |       ||   540
         Plate armour      |       |       |       |   701 |  1004 |   207 |       |       |       ||  1912
         Crystal plate arm |       |       |       |       |       |  1349 |   988 |   491 |  4647 ||  7475
         Shadow dragon sca |       |       |       |       |       |       |       |    33 |       ||    33
         Gold dragon scale |       |       |       |       |       |       |       |       |   411 ||   411
  Dodge: Dodged            |    49 |    77 |   123 |   521 |   697 |   656 |   587 |   207 |  2163 ||  5080
  Block: Buckler           |    25 |    43 |    79 |   376 |   234 |       |       |       |       ||   757
         Tower shield      |       |       |       |       |   569 |  1807 |  2110 |    14 |       ||  4500
         Reflection        |       |       |       |       |       |   110 |   146 |    75 |   385 ||   716
         Kite shield       |       |       |       |       |       |       |       |  1055 |  7633 ||  8688

Table legend: (Time is in decaauts)
 A = Elapsed time spent in this place.
 B = Non-inter-level travel time spent in this place.
 C = Inter-level travel time spent in this place.
 D = Time resting spent in this place.
 E = Time spent auto-exploring this place.
 F = Levels seen in this place.
 G = Mean time per level.
                   A        B        C        D        E       F      G
               +--------+--------+--------+--------+--------+-----+--------+
         Total | 123566 | 119161 |   4405 |   7671 |  80595 | 103 | 1199.7 |
       Dungeon |  18384 |  17187 |   1197 |     65 |  13692 |  15 | 1225.6 |
        Temple |     91 |     18 |     73 |      0 |      0 |   1 |   91.0 |
          Lair |   8133 |   7750 |    383 |    480 |   5743 |   5 | 1626.6 |
        Shoals |   6534 |   6324 |    210 |      6 |   4694 |   4 | 1633.5 |
     Snake Pit |   8776 |   8607 |    169 |    120 |   6205 |   4 | 2194.0 |
  Orcish Mines |   2082 |   1943 |    139 |    158 |   1117 |   2 | 1041.0 |
   Elven Halls |   3442 |   3270 |    172 |      0 |   2532 |   3 | 1147.3 |
        Vaults |  11432 |  11048 |    384 |    752 |   7617 |   5 | 2286.4 |
         Crypt |   4399 |   4243 |    156 |      0 |   3267 |   3 | 1466.3 |
        Depths |   8048 |   6981 |   1067 |      0 |   5516 |   4 | 2012.0 |
          Hell |   1326 |   1244 |     82 |     69 |    839 |   1 | 1326.0 |
           Dis |    312 |    295 |     17 |      0 |    228 |   1 |  312.0 |
       Cocytus |   5500 |   5370 |    130 |    472 |   3567 |   7 |  785.7 |
           Zot |   7020 |   6795 |    225 |    271 |   4744 |   5 | 1404.0 |
         Abyss |    345 |    345 |      0 |      0 |      0 |   1 |  345.0 |
   Pandemonium |  26167 |  26167 |      0 |   1584 |  17180 |  14 | 1869.1 |
      Ziggurat |  10428 |  10428 |      0 |   3694 |   2778 |  27 |  386.2 |
      Ice Cave |   1138 |   1138 |      0 |      0 |    874 |   1 | 1138.0 |
               +--------+--------+--------+--------+--------+-----+--------+

Top non-repeatable levels by time:
Depths:3: 3082 daAuts
Vaults:5: 2920 daAuts
 Snake:4: 2818 daAuts
   Coc:7: 2632 daAuts
 Snake:2: 2496 daAuts
Vaults:3: 2479 daAuts
Vaults:2: 2447 daAuts
 Crypt:3: 2264 daAuts
 Snake:1: 2236 daAuts
Vaults:4: 2112 daAuts
  Lair:5: 2053 daAuts
   Zot:5: 1963 daAuts
  Lair:2: 1807 daAuts
Shoals:3: 1797 daAuts
    D:15: 1795 daAuts
